 Dungeon Crawl Stone Soup version 0.18-a0-1485-g189885c (webtiles) character file.

652667 Karasique the Slayer (level 27, -10/266 HPs)
             Began as a Centaur Chaos Knight on Mar 3, 2016.
             Mangled by an Orb Guardian (20 damage)
             ... while paralysed by the power of Zot
             ... on level 5 of the Realm of Zot.
             The game lasted 04:00:27 (71995 turns).

Karasique the Slayer (Centaur Chaos Knight)        Turns: 71995, Time: 04:00:27

Health: -10/266    AC: 48    Str: 29    XL:     27
Magic:  36/36      EV:  1    Int: 13    God:    Xom [..*...]
Gold:   5798       SH:  0    Dex: 28    Spells: 3 memorised, 20 levels left

rFire  + + +     SeeInvis +     w - +7 great sword "Onutes" {speed, rF+}
rCold  + . .     Gourm    .     W - +8 orange crystal plate armour {Archmagi, Int+3 Clar SustAt}
rNeg   . . .     Faith    .     (shield currently unavailable)
rPois  +         Spirit   .     U - +2 hat {Int+3}
rElec  +         Dismiss  .     i - +2 cloak {rPois}
rCorr  .         Reflect  .     P - +2 pair of gloves
SustAt +         Harm     .     g - +0 centaur barding "Biorom" {rPois Slay+6}
MR     ++++.     Clarity  +     p - amulet "Ytiqamipre" {rC+ Regen+ MP+9 Str+2 Int-4}
Stlth  .......... Rnd*Tele +    v - ring of Fero {*Tele rElec rF++ Dex+4}
                                M - ring "Etueshrowk" {Str+4 Dex+4 Slay+2}

@: paralysed, very slightly contaminated, hasted and slowed, very quick,
incredibly resistant to hostile enchantments, extremely unstealthy
A: antennae 2, hooves 3, thin skeletal structure 2, see invisible, deformed
body, speed 2, magic resistance 2, sense surroundings 1, regeneration 2, strong
1, tough skin 3
a: Renounce Religion
}: 3/15 runes: serpentine, barnacled, abyssal


You were on level 5 of the Realm of Zot.
You worshipped Xom.
You were a toy of Xom.
You were full.

You visited 9 branches of the dungeon, and saw 50 of its levels.
You visited the Abyss 2 times.
You also visited: Labyrinth, Trove, Ossuary and Ice Cave.

You collected 9988 gold pieces.
You spent 4190 gold pieces at shops.

Inventory:

Hand Weapons
 e - the +6 longbow "Fitrirex" {freeze, +Fly rElec rF-}
   (You found it on level 4 of the Vaults)

   It causes projectiles fired from it to freeze those they strike, causing
   extra injury to most foes and up to half again as much damage against
   particularly susceptible opponents.
   They can also slow down cold-blooded creatures.
   It makes you vulnerable to fire.
   It insulates you from electricity.
   It lets you fly.
 q - a +9 great sword of holy wrath
 w - the +7 great sword "Onutes" (weapon) {speed, rF+}
   (You bought it in a shop on level 2 of the Orcish Mines)

   Attacks with this weapon are significantly faster.
   It protects you from fire.
Missiles
 r - 22 arrows of dispersal
 x - 33 poisoned arrows
 H - 14 throwing nets (quivered)
 O - 761 arrows
Armour
 g - the +0 centaur barding "Biorom" (worn) {rPois Slay+6}
   (You acquired it on level 1 of the Lair of Beasts)

   It affects your accuracy and damage with ranged weapons and melee attacks
   (+6).
   It protects you from poison.
 i - a +2 cloak of poison resistance (worn)
 P - a +2 pair of gloves (worn)
 U - a +2 hat of intelligence (worn)
 W - the +8 orange crystal plate armour (worn) {Archmagi, Int+3 Clar SustAt}
   (You found it on level 1 of the Depths)

   It affects your intelligence (+3).
   It sustains your strength, intelligence and dexterity.
   It protects you against confusion.
Jewellery
 j - an uncursed amulet of faith
 p - the amulet "Ytiqamipre" (around neck) {rC+ Regen+ MP+9 Str+2 Int-4}
   (You found it in a treasure trove)

   [amulet of regeneration]

   It affects your strength (+2).
   It affects your intelligence (-4).
   It protects you from cold.
   It affects your magic capacity (+9).
   It increases your rate of regeneration.
 v - the ring of Fero (right hand) {*Tele rElec rF++ Dex+4}
   (You found it on level 8 of the Dungeon)

   [ring of teleportation]

   It may teleport you next to monsters.
   It affects your dexterity (+4).
   It greatly protects you from fire.
   It insulates you from electricity.
 G - an uncursed ring of see invisible
 K - a +5 ring of dexterity
 M - the ring "Etueshrowk" (left hand) {Str+4 Dex+4 Slay+2}
   (You bought it in a shop on level 2 of the Orcish Mines)

   [ring of slaying]

   It affects your strength (+4).
   It affects your dexterity (+4).
   It affects your accuracy and damage with ranged weapons and melee attacks
   (+2).
 N - a +5 amulet of reflection
Wands
 J - a wand of digging (17/24)
 S - a wand of teleportation (8/9)
 V - a wand of heal wounds (9/9)
 Z - a wand of teleportation (6/9)
Scrolls
 c - a scroll of enchant weapon
 d - 26 scrolls of teleportation
 h - 5 scrolls of magic mapping
 n - 20 scrolls of remove curse
 t - 5 scrolls of holy word
 y - 16 scrolls of identify
 z - 7 scrolls of fear
 A - 10 scrolls of fog
 C - a scroll of blinking
 F - 6 scrolls of recharging
 L - a scroll of silence
Potions
 b - 2 potions of ambrosia
 f - 9 potions of magic
 k - 4 potions of agility
 l - 7 potions of lignification
 m - 12 potions of resistance
 s - 6 potions of flight
 u - 9 potions of might
 B - a potion of berserk rage
 D - 10 potions of invisibility
 E - 11 potions of heal wounds
 I - 4 potions of haste
 Q - a potion of cancellation
 R - 28 potions of curing
 X - a potion of cure mutation
 Y - 8 potions of brilliance
Comestibles
 a - 27 beef jerkies
 o - 18 meat rations
 T - 46 royal jellies


   Skills:
 + Level 25.0 Fighting
 - Level 18.5 Long Blades
 + Level 17.9 Bows
 + Level 19.9 Armour
 - Level 13.2 Dodging
 - Level 11.9 Charms
 - Level 5.3 Evocations


You had 20 spell levels left.
You knew the following spells:

 Your Spells              Type           Power        Failure   Level  Hunger
a - Apportation           Tloc           #.........   100%        1    ##.....
b - Repel Missiles        Chrm/Air       ###...       54%         2    ###....
c - Spectral Weapon       Hex/Chrm       ###.....     89%         3    ####...


Dungeon Overview and Level Annotations

Branches:
Dungeon (15/15)            Temple (0/1) D:5            Lair (8/8) D:8
 Shoals (4/4) Lair:6        Snake (4/4) Lair:5        Slime (0/6) Lair:7
    Orc (2/2) D:10            Elf (3/3) Orc:2        Vaults (4/5) D:14
  Crypt (0/3) Vaults:2     Depths (5/5) D:15            Zot (5/5) Depths:5

Altars:
Cheibriados
Dithmenos
Fedhas
Gozag
Kikubaaqudgha
Okawaru
Qazlal
Trog
Vehumet
Xom
Yredelemnul
Zin
The Shining One
Beogh

Shops:
D:9 ?   D:11 :   Orc:2 [*(=(   Shoals:1 *   Shoals:2 !   Snake:2 [
Vaults:2 *?   Depths:5 }

Portals:
Hell: Depths:1 Depths:2 Depths:3 Depths:4 Depths:5
Abyss: Depths:2 Depths:4 Depths:5
Pandemonium: Depths:1 Depths:3 Depths:4
Ziggurat: Depths:3

Annotations:
D:6 exclusion: moth of wrath, JustSomeDude's ghost, novice DsFi


Innate Abilities, Weirdness & Mutations

You have hooves in place of feet.
Armour fits poorly on your strangely shaped body.
You cover ground very quickly.
You have extremely tough skin (AC +3).
You have a pair of antennae on your head.
You have a moderately thin skeletal structure (Dex +4, Stealth+).
You have supernaturally acute eyesight.
You are highly resistant to hostile enchantments.
You passively map a small area around you.
You heal very quickly.
Your muscles are strong. (Str +2)


Message History

The electric golem crackles and sizzles.
The electric golem blinks!
Found the Orb of Zot. 11 Orb Guardians come into view.
You found a bolt trap!
The Orb Guardian hits you but does no damage.
The electric golem blinks!
The Orb Guardian hits you but does no damage. x2
Xom smiles on you.
You feel yourself speed up.
The Orb Guardian hits you but does no damage. x2
You hear a roar!
The Orb Guardian hits you! The Orb Guardian hits you!!
Xom thinks this is hilarious!
The Orb Guardian hits you but does no damage. x2
The Orb Guardian hits you.
The electric golem hits you but does no damage. x2
The electric golem hits you. x2; The Orb Guardian hits you!!
You die...
Xom chuckles heartily!

^.^^..### *##(..,,,.... ▓▓▓▓▓▓#
**▓▓▓▓▓▓▓▓▓ ,,**** ▓▓▓▓......
,,,{,*** **▓.....X... ,,,,,,,**
**,.......... ........# ▓▓▓▓▓▓▓▓▓
*,,.....LL...
........▓▓▓.....X.▓▓*,,...?....Ll
........▓▓..§..XXX.▓▓,,......Lyq.
....L...▓...^^XX@X..▓,,.......q..
..............XXX8............L.q
........▓.....^.X...▓...X........
........▓▓.........▓▓,,.........q
........▓▓▓.......▓▓*,,..........
...DD...▓ ▓▓▓▓▓▓▓▓▓ *,,.)........
.......▓▓ **,.......... .....▓▓▓
***,,,,,,,,. ..▓▓▓▓ ****,,,,,.


You could see an electric golem and 11 Orb Guardians.

Vanquished Creatures
  3 juggernauts (Depths:4)
  An ancient lich (Zot:5)
  Margery (Vaults:4)
  Saint Roka (Depths:1)
  2 curse toes
  4 bone dragons
  Xtahua (Vaults:4)
  A profane servitor (Abyss:3)
  5 golden dragons
  A doom hound (Zot:2)
  Jorgrun (Depths:3)
  14 tentacled monstrosities
  Rupert (Lair:7)
  9 Orb Guardians (Zot:5)
  2 deep elf master archers (Elf:3)
  5 liches
  5 deep elf blademasters
  8 death cobs
  2 quicksilver dragons (Depths:4)
  The ghost of Amnesiac the Phalangite, an adept MfGl of Gozag (Elf:2)
  A sphinx (Depths:5)
  8 tentacled starspawn
  Kirke (Lair:6)
  A kraken (Shoals:2)
  Polyphemus (Shoals:4)
  10 storm dragons
  3 tengu reavers
  Frances (D:12)
  4 shadow dragons
  Gastronok (Lair:1)
  2 azure jellies
  The ghost of Karasique the Spry, an adept TeHu of Okawaru (Shoals:3)
  5 draconian monks
  Ilsuiw (Shoals:4)
  8 greater nagas
  The ghost of Bubs the Unseen, an adept VSAs of Dithmenos (Snake:4)
  14 frost giants
  10 fire giants
  A draconian scorcher (Zot:1)
  2 iron dragons
  5 draconian knights
  4 deep elf sorcerers
  4 draconian zealots
  An orc warlord (Orc:2)
  An emperor scorpion (Snake:4)
  3 ghost moths
  A juggernaut zombie (Depths:2)
  16 vault wardens
  An angel (Abyss:3)
  2 balrugs
  7 ironheart preservers
  A draconian annihilator (Zot:4)
  2 deep elf elementalists (Elf:3)
  A spriggan defender (Depths:4)
  A reaper (Zot:2)
  6 draconian shifters
  2 salamander stormcallers (Vaults:4)
  23 very ugly things
  A draconian caller (Zot:2)
  12 deep elf annihilators
  2 apis (Depths:4)
  12 deep elf demonologists
  25 stone giants
  4 vampire knights
  8 mottled draconians
  10 green draconians
  8 black draconians
  8 yellow draconians
  3 dire elephants
  3 white draconians
  7 purple draconians
  11 red draconians
  The ghost of tasslehoff34 the Grappler, a journeyman TrMo (D:12)
  2 merfolk javelineers
  13 vault guards
  7 ettins
  10 deep elf death magi
  An eidolon (Abyss:3)
  A green death (Abyss:2)
  Snorg (Lair:4)
  11 great orbs of eyes
  9 merfolk impalers
  A minotaur (Lab)
  7 yaktaur captains
  4 deep elf high priests
  A fire dragon (shapeshifter) (Snake:4)
  6 rakshasas
  23 fire dragons
  6 jiangshi
  Josephine (D:12)
  18 ice dragons
  14 hydras
  8 entropy weavers
  12 naga warriors
  4 alligator snapping turtles
  2 catoblepae
  A merfolk avatar (Shoals:4)
  11 centaur warriors
  5 spriggan air magi
  2 death knights
  Erica (D:8)
  The ghost of tasslehoff34 the Blocker, a novice MiFi (Lair:2)
  32 dancing weapons
  14 ogre magi
  2 satyrs (Shoals:4)
  3 merfolk aquamancers
  3 death yaks
  10 anacondas
  4 tengu warriors
  2 vampire magi
  10 deep troll earth magi
  6 deep troll shamans
  3 shock serpents (Snake:2)
  10 naga sharpshooters
  5 spriggan berserkers
  9 thrashing horrors
  A queen ant (Depths:4)
  19 hell knights
  2 sun demons
  4 orc high priests
  A hell hog (shapeshifter) (Depths:3)
  Nergalle (Lair:4)
  18 small abominations
  21 deep elf knights
  6 wretched stars (Abyss:3)
  2 fire crabs
  A fire crab (shapeshifter) (Depths:3)
  4 salamander mystics
  3 spatial maelstroms (Abyss:3)
  A shadow wraith (Vaults:1)
  5 unseen horrors
  2 iron trolls (Depths:4)
  A deep troll (shapeshifter) (D:15)
  14 deep trolls
  23 sea snakes
  7 skeletal warriors
  19 starcursed masses (Abyss:3)
  3 phantasmal warriors
  6 giant orange brains
  8 deep elf archers
  An infernal demonspawn (Depths:3)
  2 lindwurms (Lair:8)
  3 flayed ghosts
  A torturous demonspawn (Depths:3)
  An unseen horror (shapeshifter) (D:15)
  9 naga ritualists
  18 ironbrand convokers
  5 hill giants
  A putrid demonspawn (Depths:1)
  Pikel (D:9)
  A harpy (shapeshifter) (D:13)
  10 harpies
  8 orc knights
  An iron dragon zombie (Depths:2)
  A shining eye (Abyss:3)
  52 ugly things
  12 necromancers
  9 fauns
  60 deep elf magi
  12 manticores
  4 orc sorcerers
  3 wolf spiders
  13 salamanders
  4 wizards
  20 mana vipers
  3 oklob plants (Lair:7)
  A hornet (shapeshifter) (D:15)
  2 fauns (shapeshifter)
  10 griffons
  A manticore (shapeshifter) (Depths:3)
  9 water nymphs
  5 worldbinders
  6 cyclopes
  2 sphinx skeletons (Depths:2)
  22 moths of wrath
  7 guardian serpents
  2 moths of wrath (shapeshifter)
  2 apocalypse crabs (Abyss:3)
  2 sixfirhies (Abyss:3)
  4 rust devils
  51 black mambas
  3 human skeletons (Vaults:1)
  11 elephants
  An octopode (shapeshifter) (Vaults:1)
  12 vault sentinels
  A fire giant skeleton (Depths:2)
  Joseph (D:7)
  6 smoke demons (Abyss:3)
  3 ice statues
  8 sirens
  An orange demon (Abyss:2)
  11 spiny frogs
  23 naga magi
  6 torpor snails (Lair:8)
  2 gargoyles
  3 hellions
  A yaktaur (shapeshifter) (Depths:2)
  An eye of devastation (shapeshifter) (Abyss:3)
  45 yaktaurs
  19 freezing wraiths
  A rime drake (shapeshifter) (Elf:2)
  3 rime drakes
  3 efreet
  8 komodo dragons
  6 kobold demonologists
  2 tormentors
  18 large abominations
  2 ice devils (Depths:1)
  6 trolls
  4 ancient zymes
  4 tengu conjurers
  The ghost of Karasique the Chopper, an amateur HOAK of Lugonu (D:4)
  8 polar bears (Lair:8)
  3 jumping spiders
  25 merfolk
  A queen bee (Depths:4)
  A jumping spider (shapeshifter) (Vaults:1)
  A wolf spider simulacrum (IceCv)
  5 giant leeches (Lair:8)
  A two-headed ogre (shapeshifter) (D:15)
  3 wind drakes (Shoals:4)
  28 raiju
  A slime creature (shapeshifter) (Vaults:1)
  6 boulder beetles
  19 slime creatures
  An iron dragon simulacrum (Depths:2)
  32 two-headed ogres
  25 blink frogs
  11 snapping turtles
  2 frost giant simulacra
  A stone giant simulacrum (Depths:2)
  14 air elementals
  A redback (shapeshifter) (Vaults:2)
  4 shadows
  A spriggan (shapeshifter) (Vaults:2)
  2 wyverns
  6 ynoxinuls (Abyss:3)
  A spriggan (Depths:4)
  A hog (shapeshifter) (D:15)
  20 water elementals
  Eustachio (D:6)
  10 redbacks
  38 yaks
  8 wraiths
  A basilisk (shapeshifter) (Vaults:4)
  4 fire elementals
  4 hogs (Lair:6)
  2 basilisks
  A steam dragon (Lair:4)
  5 golden eyes (Abyss:3)
  11 vampire mosquitoes
  16 hippogriffs
  4 chaos spawn (Abyss:3)
  3 neqoxecs
  3 mottled dragons
  A hungry ghost (D:9)
  14 wolves
  A mottled dragon (shapeshifter) (Depths:5)
  12 wargs
  A harpy simulacrum (Depths:2)
  A swamp worm (shapeshifter) (Snake:3)
  55 nagas
  An insubstantial wisp (Depths:2)
  21 water moccasins
  2 soldier ants
  6 spatial vortices (Abyss:3)
  A swamp worm (D:13)
  2 hell hounds (Lair:8)
  9 porcupines
  A tengu skeleton (Depths:2)
  An eye of draining (shapeshifter) (Depths:4)
  3 phantoms
  A sky beast (shapeshifter) (Vaults:2)
  5 wasps
  13 black bears
  2 sky beasts
  4 eyes of draining
  24 ice beasts
  32 orc warriors
  A slave (D:9)
  61 ogres
  10 boggarts
  A tengu (Vaults:2)
  25 centaurs
  11 crocodiles
  11 big kobolds
  A gnoll sergeant (D:8)
  15 giant frogs
  5 earth elementals
  Dowan (D:7)
  8 jellies
  8 scorpions
  43 killer bees
  12 wights
  6 electric eels
  A giant frog zombie (D:12)
  5 centaur zombies
  3 quasits
  4 draconian simulacra (IceCv)
  Crazy Yiuf (D:7)
  8 crimson imps
  11 orc priests
  A human zombie (Ossuary)
  26 orc wizards
  3 centaur skeletons
  17 hounds
  5 iron imps
  4 giant frog skeletons
  Terence (D:2)
  9 iguanas
  A spriggan simulacrum (IceCv)
  12 worker ants
  3 polar bear simulacra (IceCv)
  3 troll simulacra (IceCv)
  27 sheep
  2 big kobold zombies (Ossuary)
  2 centaur simulacra (IceCv)
  4 mummies (Ossuary)
  A worker ant zombie (D:11)
  10 gnolls
  A howler monkey skeleton (D:7)
  12 adders
  5 naga simulacra (IceCv)
  5 ogre simulacra (IceCv)
  75 river rats
  9 shadow imps
  16 white imps
  5 ufetubi
  5 oozes (D:8)
  2 adder zombies
  3 adder skeletons
  19 worms
  3 dart slugs
  8 giant geckos
  93 orcs
  3 ball pythons
  4 giant cockroaches
  10 goblins
  3 hobgoblins
  12 jackals
  5 quokkas
  A ball python skeleton (D:4)
  A ball python zombie (D:5)
  8 bats
  A giant gecko zombie (D:5)
  A giant newt (shapeshifter) (D:4)
  9 giant newts
  4 goblin skeletons (D:9)
  5 goblin zombies
  3 hobgoblin zombies
  A jackal skeleton (D:5)
  39 kobolds
  3 kobold skeletons (D:9)
  A kobold zombie (D:9)
  4 orc zombies
  A quokka skeleton (D:7)
  15 rats
  A bush (Lair:7)
  A butterfly (Depths:3)
  A crawling corpse (Elf:3)
  A lurking horror (Abyss:3)
  3 plants
  4 starspawn tentacles (Abyss:3)
  A starspawn tentacle segment (Abyss:3)
  7 tentacles (Shoals:2)
2750 creatures vanquished.

Vanquished Creatures (collateral kills)
  Vashnia (Snake:2)
  Erolcha (D:12)
  A naga sharpshooter (Snake:2)
  2 skeletal warriors (D:14)
  A hill giant (D:13)
  A necromancer (Depths:2)
  A wizard (D:14)
  A deep elf mage (Vaults:3)
  A worldbinder (Abyss:3)
  A salamander (Vaults:4)
  A centaur zombie (D:13)
  A guardian serpent (Snake:4)
  A centaur skeleton (D:15)
  A kobold demonologist (D:14)
  A troll (D:14)
  A jumping spider (Depths:2)
  A boulder beetle (Depths:2)
  4 yaks
  A fire bat (shapeshifter) (Depths:3)
  A hippogriff (Lair:8)
  5 orc warriors
  An ogre (Orc:2)
  A centaur (D:14)
  A giant frog (D:13)
  A killer bee (D:12)
  2 wights (D:12)
  A hound (D:12)
  An orc priest (D:14)
  An orc wizard (Orc:2)
  4 river rats (Lair:7)
  2 orcs
  2 fungi
46 creatures vanquished.

Vanquished Creatures (others)
  A white draconian (Zot:1)
  A merfolk aquamancer (Shoals:4)
  7 dancing weapons
  2 deep elf archers
  A lindwurm (Depths:2)
  A necromancer (Depths:4)
  2 ugly things
  A griffon (Lair:6)
  2 deep elf magi (Elf:2)
  A salamander (Snake:1)
  A moth of wrath (Zot:5)
  A ball lightning (Vaults:4)
  2 yaktaurs
  A troll (D:12)
  A two-headed ogre (Vaults:2)
  A basilisk (Lair:6)
  2 small abominations (Abyss:3)
  A harpy simulacrum (Depths:2)
  Duvessa (D:7)
  A water moccasin (Lair:8)
  2 orc warriors
  A boggart (Depths:3)
  An orc priest (D:7)
  An orc wizard (Orc:2)
  A river rat (Lair:2)
  5 orcs
  A hobgoblin zombie (D:9)
  A crawling corpse (Elf:3)
  22 fungi
  3 lurking horrors (Abyss:3)
  12 plants
  20 starspawn tentacles (Abyss:3)
  103 starspawn tentacle segments (Abyss:3)
  11 tentacles (Shoals:2)
  513 tentacle segments (Shoals:2)
728 creatures vanquished.

Grand Total: 3524 creatures vanquished

Notes
Turn   | Place    | Note
--------------------------------------------------------------
     0 | D:1      | Karasique the Centaur Chaos Knight began the quest for the Orb.
     0 | D:1      | Reached XP level 1. HP: 19/19 MP: 1/1
   146 | D:1      | XOM: divination: magic mapping
   152 | D:1      | Reached XP level 2. HP: 24/26 MP: 2/2
   572 | D:1      | XOM: silly message
   626 | D:2      | XOM: stealth player
   680 | D:2      | XOM: potion effect (berserk rage)
   681 | D:2      | Reached XP level 3. HP: 31/31 MP: 3/3
   709 | D:2      | Noticed Terence
   737 | D:2      | XOM: butterfly on damage
   738 | D:2      | Killed Terence
   748 | D:2      | XOM: silly message
   940 | D:2      | XOM: scenery: create altars
  1081 | D:2      | Found a blossoming altar of Fedhas.
  1083 | D:2      | Found an ancient bone altar of Kikubaaqudgha.
  1104 | D:2      | XOM: divination: detect items
  1112 | D:2      | Reached XP level 4. HP: 33/40 MP: 4/4
  1373 | D:2      | XOM: silly message
  1501 | D:2      | XOM: medium Necr miscast
  1588 | D:2      | XOM: harmless Summ miscast
  1678 | D:2      | XOM: mild Divn miscast
  1735 | D:2      | XOM: harmless Erth miscast
  1785 | D:2      | XOM: noise
  1925 | D:3      | XOM: medium Necr miscast
  1926 | D:3      | Noticed a shadow
  1926 | D:3      | Noticed a shadow
  1997 | D:3      | XOM is BORED!
  1997 | D:3      | XOM: 2-stop teleportation journey
  2112 | D:3      | XOM: give mutations
  2112 | D:3      | Gained mutation: You evolve. [Xom's grace]
  2112 | D:3      | Gained mutation: Your flesh is heat resistant. [Xom's grace]
  2112 | D:3      | Lost mutation: You evolve. [Xom's grace]
  2112 | D:3      | Gained mutation: You are somewhat resistant to further mutation. [Xom's grace]
  2112 | D:3      | Gained mutation: You have a somewhat thin skeletal structure (Dex +2, Stealth). [Xom's grace]
  2133 | D:3      | XOM: enchant monster (good)
  2317 | D:3      | XOM is BORED!
  2317 | D:3      | XOM: summons 2 hostile demons
  2372 | D:2      | Reached skill level 4 in Fighting
  2620 | D:3      | XOM: vitrification
  2795 | D:3      | XOM: vitrification
  2959 | D:3      | XOM: god gift: plate armour {god gift}
  2992 | D:3      | Reached XP level 5. HP: 46/46 MP: 5/5
  3182 | D:4      | Reached skill level 5 in Long Blades
  3232 | D:4      | XOM: give mutations
  3232 | D:4      | Gained mutation: Your muscles are strong. (Str +2) [Xom's grace]
  3232 | D:4      | Gained mutation: You are robust (+10% HP). [Xom's grace]
  3232 | D:4      | Gained mutation: You have a pair of small antennae on your head. [Xom's grace]
  3232 | D:4      | Gained mutation: You possess an exceptional clarity of mind. [Xom's grace]
  3297 | D:4      | XOM: divination: detect items
  3298 | D:4      | XOM: god gift: glowing centaur barding {god gift}
  3323 | D:4      | XOM: divination: detect creatures
  3390 | D:3      | XOM: vitrification
  3629 | D:3      | XOM: god gift: fuming black potion
  3636 | D:4      | Reached XP level 6. HP: 54/58 MP: 6/6
  3869 | D:4      | Noticed Karasique's ghost (amateur HOAK)
  3871 | D:4      | XOM: 4-stop teleportation journey
  3925 | D:4      | XOM: god gift: 11 bolts of flame
  4162 | D:4      | XOM: god gift: encrusted copper wand {god gift}
  4259 | D:5      | Entered Level 5 of the Dungeon
  4411 | D:4      | XOM: swap monsters
  4425 | D:4      | XOM: summons friendly shadow imp
  4427 | D:4      | XOM: potion effect (brilliance)
  4433 | D:4      | XOM: cast spell 'Necromutation'
  4461 | D:4      | Killed Karasique's ghost
  4461 | D:4      | Reached skill level 5 in Fighting
  4461 | D:4      | Reached XP level 7. HP: 13/67 MP: 7/7
  4498 | D:4      | XOM: god gift: wand of flame {god gift}
  4695 | D:5      | Noticed a troll
  4708 | D:4      | XOM: cast spell 'Olgreb's Toxic Radiance'
  5066 | D:5      | XOM: noise
  5067 | D:5      | Found a snail-covered altar of Cheibriados.
  5074 | D:5      | XOM: snakes to sticks
  5133 | D:5      | XOM: polymorph gnoll -> orc
  5233 | D:5      | XOM: polymorph scorpion -> iguana
  5437 | D:5      | Found a staircase to the Ecumenical Temple.
  5495 | D:5      | XOM: god gift: green potion
  5609 | D:5      | Found a glowing silver altar of Zin.
  5610 | D:5      | Found an opulent altar of Gozag.
  5646 | D:5      | Found a shadowy altar of Dithmenos.
  5839 | D:6      | XOM: noise
  5862 | D:6      | Noticed JustSomeDude's ghost (novice DsFi)
  5863 | D:6      | XOM: divination: detect creatures
  6013 | D:6      | XOM: noise
  6041 | D:6      | XOM: smoke on damage
  6184 | D:6      | Reached XP level 8. HP: 43/75 MP: 8/8
  6421 | D:6      | XOM: harmless Fire miscast
  6437 | D:6      | Noticed a moth of wrath
  6440 | D:6      | Found a bloodstained altar of Trog.
  6460 | D:6      | XOM: destruction
  6461 | D:6      | XOM: summons 3 friendly demons
  6468 | D:6      | XOM: polymorph shadow imp -> iron imp
  6486 | D:6      | XOM: harmless Necr miscast
  6586 | D:6      | Noticed Eustachio
  6601 | D:6      | XOM: enchant monster (bad)
  6630 | D:6      | Killed Eustachio
  6630 | D:6      | Reached skill level 6 in Fighting
  6732 | D:6      | XOM: 2-stop teleportation journey
  6832 | D:6      | Got a fine ring mail
  6843 | D:6      | Identified the +5 ring mail of the Soldier {Str-4 Int+3 SInv} (You found it on level 6 of the Dungeon)
  7011 | D:6      | XOM: mild Conj miscast
  7102 | D:6      | XOM: mild Trmt miscast
  7127 | D:6      | XOM: 5-stop teleportation journey
  7182 | D:5      | Found an iron altar of Okawaru.
  7182 | D:5      | Found a radiant altar of Vehumet.
  7445 | D:6      | XOM: god gift: 2 tomahawks of returning
  7450 | D:6      | XOM: draining
  7501 | D:6      | XOM: god gift: 840 gold pieces
  7508 | D:7      | XOM: noise
  7508 | D:7      | Found a sand-covered staircase.
  7508 | D:7      | Noticed a troll
  7509 | D:7      | XOM: vitrification
  7521 | D:7      | XOM: swap monsters
  7535 | D:6      | XOM: smoke on damage
  7641 | D:6      | XOM: vitrification
  7821 | D:6      | XOM: divination: detect creatures
  7886 | D:7      | Killed a troll
  8075 | Ossuary  | Entered an ossuary
  8117 | Ossuary  | XOM: divination: magic mapping
  8226 | Ossuary  | XOM: potion effect (heal wounds)
  8308 | Ossuary  | Reached skill level 1 in Dodging
  8332 | Ossuary  | XOM: scenery: 2 doors close
  8418 | D:7      | XOM: cast spell 'Summon Butterflies'
  8480 | D:7      | Noticed Crazy Yiuf
  8494 | D:7      | Killed Crazy Yiuf
  8494 | D:7      | Reached XP level 9. HP: 64/85 MP: 9/9
  8595 | D:7      | XOM: colour smoke trail
  8612 | D:7      | Noticed Joseph
  8632 | D:7      | XOM: harmless Tloc miscast
  8641 | D:7      | XOM: summons 9 friendly demons
  8652 | D:7      | Killed Joseph
  8652 | D:7      | Reached skill level 7 in Fighting
  8697 | D:7      | XOM: god gift: bread ration
  8849 | D:7      | Noticed Duvessa
  8849 | D:7      | Noticed Dowan
  8850 | D:7      | XOM: enchant monster (good)
  8851 | D:7      | XOM: enchant monster (good)
  8855 | D:7      | XOM: polymorph orc wizard -> giant frog
  8861 | D:7      | XOM: swap monsters
  8869 | D:7      | Killed Duvessa
  8869 | D:7      | XOM: divine lightning
  8902 | D:8      | HP: 4/86 [gnoll/spear (2)]
  8907 | D:8      | Identified Qyaros's Tome of Slavery
  9020 | D:8      | XOM: summons 2 hostile demons
  9067 | D:7      | XOM: god gift: meat ration
  9267 | D:7      | XOM: give mutations
  9267 | D:7      | Gained mutation: You are somewhat resistant to both further mutation and mutation removal. [Xom's grace]
  9267 | D:7      | Gained mutation: Your flesh is very heat resistant. [Xom's grace]
  9267 | D:7      | Gained mutation: You are almost entirely resistant to further mutation and mutation removal. [Xom's grace]
  9267 | D:7      | Gained mutation: You have a pair of antennae on your head. [Xom's grace]
  9347 | D:7      | Killed Dowan
  9400 | D:7      | XOM: god gift: scroll of recharging
  9410 | D:7      | XOM: potion effect (curing)
  9520 | D:7      | XOM: god gift: potion of resistance
  9593 | D:7      | XOM: god gift: potion of curing
  9598 | D:7      | XOM: vitrification
  9685 | D:7      | XOM: 5-stop teleportation journey
  9709 | D:7      | XOM: harmless Summ miscast
  9925 | D:8      | Found a staircase to the Lair.
  9936 | D:8      | XOM: enchant monster (bad)
 10236 | D:8      | XOM: medium Trmt miscast
 10241 | D:8      | XOM: mild Conj miscast
 10275 | D:8      | Noticed Erica
 10341 | D:8      | XOM: confuse monster(s)
 10345 | D:8      | XOM: blink monster(s)
 10353 | D:8      | Killed Erica
 10353 | D:8      | Reached skill level 8 in Fighting
 10353 | D:8      | Reached skill level 10 in Long Blades
 10361 | D:8      | XOM: 1-stop teleportation journey
 10635 | D:8      | Reached XP level 10. HP: 94/97 MP: 10/10
 10658 | D:8      | XOM: enchant monster (bad)
 10661 | D:8      | XOM: cast spell 'Disjunction'
 10672 | D:8      | XOM: summons 3 friendly demons
 10734 | D:8      | Got an ancient platinum ring
 10735 | D:8      | Identified the ring of Fero {*Tele rElec rF++ Dex+4} (You found it on level 8 of the Dungeon)
 11254 | D:8      | XOM: give mutations
 11254 | D:8      | Gained mutation: You are resistant to hostile enchantments. [Xom's grace]
 11254 | D:8      | Gained mutation: You are agile. (Dex +2) [Xom's grace]
 11254 | D:8      | Gained mutation: You have a moderately thin skeletal structure (Dex +4, Stealth+). [Xom's grace]
 11254 | D:8      | Gained mutation: Your natural rate of healing is unusually fast. [Xom's grace]
 11322 | D:9      | XOM: potion effect (invisibility)
 11331 | D:9      | Found Ugockaom's Magic Scroll Emporium.
 11335 | D:9      | XOM: confuse monster(s)
 11377 | D:9      | Bought a scroll of teleportation for 45 gold pieces
 11377 | D:9      | Bought a scroll of fear for 52 gold pieces
 11377 | D:9      | Bought 3 scrolls of enchant armour for 337 gold pieces
 11563 | D:9      | Noticed Pikel
 11571 | D:9      | XOM: enchant monster (good)
 11572 | D:9      | Killed Pikel
 11572 | D:9      | Reached skill level 9 in Fighting
 11611 | D:9      | Found a glowing golden altar of the Shining One.
 11613 | D:9      | XOM: confuse monster(s)
 11669 | D:9      | XOM: harmless Divn miscast
 11693 | D:9      | Bought a scroll of identify for 30 gold pieces
 11693 | D:9      | Bought a scroll of identify for 30 gold pieces
 11693 | D:9      | Bought a scroll of recharging for 142 gold pieces
 11764 | D:9      | XOM: harmless Erth miscast
 11773 | D:9      | Found a bloodstained altar of Trog.
 11777 | D:9      | Found a stormy altar of Qazlal.
 11789 | D:9      | XOM: harmless Fire miscast
 11937 | D:9      | Found a glowing golden altar of the Shining One.
 11949 | D:10     | Entered Level 10 of the Dungeon
 12068 | D:10     | You fall through a shaft for 3 floors!
 12070 | D:13     | Found a labyrinth entrance.
 12075 | D:13     | Noticed a hill giant
 12076 | D:13     | Noticed a brown ugly thing
 12083 | D:13     | Reached skill level 5 in Armour
 12087 | Lab      | Entered a labyrinth
 12108 | Lab      | XOM: colour smoke trail
 12171 | Lab      | XOM: noise
 12255 | Lab      | XOM: mild Conj miscast
 12268 | Lab      | XOM: harmless Divn miscast
 12306 | Lab      | XOM: 3-stop teleportation journey
 12398 | Lab      | XOM: mild Fire miscast
 12716 | Lab      | Noticed a minotaur
 12724 | Lab      | XOM: chaos cloud
 12732 | Lab      | Killed a minotaur
 12732 | Lab      | Reached XP level 11. HP: 43/106 MP: 11/11
 12748 | Lab      | Identified the Papyrus of Poisoning
 12923 | D:13     | Noticed a green ugly thing
 12928 | D:13     | Noticed a four-headed hydra
 12932 | D:13     | Noticed a hill giant
 13107 | D:13     | Killed a one-headed hydra
 13119 | D:13     | XOM: chaos cloud
 13123 | D:13     | Killed a brown ugly thing
 13123 | D:13     | XOM: 1-stop teleportation journey
 13137 | D:13     | Killed a brown ugly thing
 13150 | D:13     | XOM: blink monster(s)
 13232 | D:13     | Noticed a harpy
 13236 | D:13     | XOM: cast spell 'Shadow Creatures'
 13241 | D:13     | Killed a harpy
 13251 | D:13     | Killed a hill giant
 13259 | D:13     | Got an ivory falchion
 13260 | D:13     | Identified the +6 falchion of Tenacity {slice, rF+} (You found it on level 13 of the Dungeon)
 13354 | D:13     | XOM: summons 7 friendly demons
 13460 | D:13     | Noticed a hill giant
 13461 | D:13     | a hill giant changed into a swamp worm
 13461 | D:13     | XOM: polymorph hill giant -> swamp worm
 13489 | D:13     | Killed a hill giant
 13489 | D:13     | Reached skill level 10 in Fighting
 13521 | D:13     | XOM: polymorph ogre -> ice beast
 13649 | D:14     | XOM: cast spell 'Metabolic Englaciation'
 13651 | D:14     | XOM: fake destruction
 13776 | D:14     | Noticed a hill giant
 13784 | D:14     | Killed a hill giant
 13846 | D:14     | XOM: god gift: bread ration
 13873 | D:14     | Noticed a wizard
 13875 | D:14     | XOM: confuse monster(s)
 13876 | D:14     | XOM: harmless Chrm miscast
 13880 | D:14     | XOM: summons 7 friendly demons
 13882 | D:14     | Killed a wizard
 13894 | D:14     | XOM: cast spell 'Shadow Creatures'
 14034 | D:14     | XOM: summons friendly shadow imp
 14037 | D:14     | XOM: confuse monster(s)
 14049 | D:14     | XOM: cast spell 'Statue Form'
 14052 | D:14     | Reached XP level 12. HP: 102/116 MP: 12/12
 14073 | D:14     | XOM: polymorph mottled dragon -> warg
 14078 | D:14     | Noticed a centaur warrior
 14080 | D:14     | XOM: enchant monster (good)
 14084 | D:14     | Killed a centaur warrior
 14105 | D:14     | XOM: enchant monster (good)
 14117 | D:14     | XOM: summons 2 friendly demons
 14291 | D:14     | Found a gate to the Vaults.
 14307 | D:14     | XOM: destruction
 14348 | D:14     | XOM: give mutations
 14348 | D:14     | Gained mutation: Your flesh is cold resistant. [Xom's grace]
 14348 | D:14     | Gained mutation: You are partially covered in iridescent scales (AC +4). [Xom's grace]
 14348 | D:14     | Gained mutation: You are very agile. (Dex +4) [Xom's grace]
 14589 | D:14     | XOM: enchant monster (good)
 14664 | D:15     | Entered Level 15 of the Dungeon
 14693 | D:15     | Paralysed by a hornet for 1 turns
 14722 | D:15     | XOM: 7-stop teleportation journey
 14831 | D:15     | Found an ancient bone altar of Kikubaaqudgha.
 14831 | D:15     | XOM: 6-stop teleportation journey
 14894 | D:15     | XOM: vitrification
 15120 | D:15     | XOM: enchant monster (good)
 15254 | D:15     | XOM: 1-stop teleportation journey
 15263 | D:15     | XOM: fog
 15269 | D:15     | Noticed a five-headed hydra
 15274 | D:15     | Reached skill level 5 in Dodging
 15279 | D:15     | XOM: potion effect (might)
 15289 | D:15     | XOM: potion effect (might)
 15294 | D:15     | XOM: fog
 15301 | D:15     | XOM: divination: magic mapping
 15334 | D:15     | Noticed a rakshasa
 15336 | D:15     | Found a staircase to the Depths.
 15336 | D:15     | XOM: enchant monster (good)
 15346 | D:15     | Killed a rakshasa
 15499 | D:15     | XOM: god gift: bread ration
 15508 | D:15     | XOM: god gift: thin jewelled rod {god gift}
 15522 | D:15     | Noticed a rakshasa
 15522 | D:15     | Noticed a four-headed hydra
 15525 | D:15     | Noticed a four-headed hydra
 15532 | D:15     | XOM: cast spell 'Summon Butterflies'
 15540 | D:15     | XOM: confuse monster(s)
 15547 | D:15     | Killed a one-headed hydra
 15547 | D:15     | Reached XP level 13. HP: 90/124 MP: 13/13
 15549 | D:15     | XOM: confuse monster(s)
 15550 | D:15     | XOM: summons 5 friendly demons
 15554 | D:15     | Reached skill level 1 in Evocations
 15560 | D:15     | XOM: enchant monster (good)
 15619 | D:15     | XOM: god gift: scroll of amnesia
 15646 | D:15     | Identified a scroll of acquirement
 15802 | D:15     | XOM: god gift: scroll of recharging
 15919 | D:14     | XOM: polymorph sky beast -> worm
 15926 | D:14     | XOM: swap monsters
 15928 | D:14     | XOM: potion effect (berserk rage)
 16068 | D:12     | Noticed Josephine
 16075 | D:12     | XOM: cast spell 'Disjunction'
 16091 | D:12     | XOM: give mutations
 16091 | D:12     | Gained mutation: You are very robust (+20% HP). [Xom's grace]
 16091 | D:12     | Gained mutation: Your flesh is almost immune to the effects of heat. [Xom's grace]
 16091 | D:12     | Gained mutation: You have sharp fingernails. [Xom's grace]
 16094 | D:12     | XOM: summons friendly crimson imp
 16095 | D:12     | XOM: enchant monster (good)
 16098 | D:12     | Killed Josephine
 16103 | D:12     | XOM: mild Fire miscast
 16108 | D:12     | Noticed tasslehoff34's ghost (journeyman TrMo)
 16113 | D:12     | Found an ancient bone altar of Kikubaaqudgha.
 16113 | D:12     | XOM: 4-stop teleportation journey
 16148 | D:12     | XOM: blink monster(s)
 16388 | D:12     | XOM: mild Tloc miscast
 16392 | D:12     | Noticed Erolcha
 16392 | D:12     | XOM: polymorph killer bee -> hound
 16400 | D:12     | XOM: cast spell 'Warp Weapon'
 16405 | D:12     | XOM: divination: detect creatures
 16406 | D:12     | XOM: enchant monster (good)
 16420 | D:12     | Killed Erolcha
 16490 | D:11     | XOM: god gift: 38 gold pieces
 16541 | D:11     | Found Jazakhos's Book Shop.
 16548 | D:11     | Learned a level 1 spell: Apportation
 16911 | D:11     | XOM: colour smoke trail
 17155 | D:11     | XOM: give mutation
 17155 | D:11     | Lost mutation: You are almost entirely resistant to further mutation and mutation removal. [Xom's mischief]
 17206 | D:11     | XOM: summons 4 hostile demons
 17323 | D:12     | Reached skill level 11 in Fighting
 17329 | D:12     | XOM: confuse monster(s)
 17366 | D:12     | XOM: blink monster(s)
 17415 | D:12     | XOM: 1-stop teleportation journey
 17536 | D:12     | XOM: polymorph ogre -> basilisk
 17550 | D:12     | XOM: fog
 17564 | D:12     | XOM: confuse monster(s)
 17710 | D:12     | Killed tasslehoff34's ghost
 17866 | D:12     | XOM: mild Air miscast
 17991 | D:12     | XOM: give mutations
 17991 | D:12     | Gained mutation: You are highly resistant to hostile enchantments. [Xom's grace]
 17991 | D:12     | Lost mutation: You are somewhat resistant to both further mutation and mutation removal. [Xom's grace]
 17991 | D:12     | Lost mutation: You are somewhat resistant to further mutation. [Xom's grace]
 17991 | D:12     | Gained mutation: You evolve. [Xom's grace]
 17991 | D:12     | Gained mutation: Your flesh is very cold resistant. [Xom's grace]
 18069 | D:12     | Noticed Frances
 18079 | D:12     | XOM: mild Summ miscast
 18080 | D:12     | XOM: confuse monster(s)
 18090 | D:12     | XOM: summons 7 friendly demons
 18094 | D:12     | XOM: fog
 18104 | D:12     | Killed Frances
 18494 | D:12     | XOM: give mutations
 18494 | D:12     | Gained mutation: Your spells are a little harder to cast, but a little more powerful. [Xom's grace]
 18494 | D:12     | Gained mutation: You heal very quickly. [Xom's grace]
 18541 | D:10     | XOM: divination: detect creatures
 18625 | D:10     | Found a staircase to the Orcish Mines.
 18748 | D:10     | XOM: enchant monster (good)
 19078 | D:10     | XOM: give mutations
 19078 | D:10     | Gained mutation: You have an increased reservoir of magic (+10% MP). [Xom's grace]
 19078 | D:10     | Gained mutation: Your system is resistant to poisons. [Xom's grace]
 19192 | Orc:1    | Entered Level 1 of the Orcish Mines
 19260 | Orc:1    | XOM: give mutation
 19260 | Orc:1    | Gained mutation: You are resistant to electric shocks. [Xom's grace]
 19338 | Orc:1    | XOM: divination: magic mapping
 19409 | Orc:1    | Found a roughly hewn altar of Beogh.
 19470 | Orc:1    | XOM: god gift: long sword {god gift}
 19520 | Orc:1    | XOM: 1-stop teleportation journey
 19538 | Orc:1    | XOM: divination: detect creatures
 19553 | Orc:1    | XOM: 1-stop teleportation journey
 19604 | Orc:1    | XOM: swap monsters
 19763 | Orc:1    | XOM: mild Conj miscast
 19839 | Orc:2    | Entered Level 2 of the Orcish Mines
 19859 | Orc:2    | Found Dayx's Weapon Boutique.
 19874 | Orc:2    | XOM: god gift: lantern of shadows
 19890 | Orc:2    | Found Ellonous's Antique Weapon Boutique.
 19893 | Orc:2    | XOM: summons 13 friendly demons
 19921 | Orc:2    | Bought an iridescent great sword for 322 gold pieces
 19927 | Orc:2    | Identified the +7 great sword "Onutes" {speed, rF+} (You bought it in a shop on level 2 of the Orcish Mines)
 19946 | Orc:2    | Found a staircase to the Elven Halls.
 19975 | Orc:2    | XOM: give mutations
 19975 | Orc:2    | Lost mutation: You evolve. [Xom's grace]
 19975 | Orc:2    | Gained mutation: You are somewhat resistant to further mutation. [Xom's grace]
 19975 | Orc:2    | Gained mutation: Your muscles are very strong. (Str +4) [Xom's grace]
 19975 | Orc:2    | Gained mutation: You passively map a small area around you. [Xom's grace]
 19985 | Orc:2    | Found Vemet's Jewellery Emporium.
 19985 | Orc:2    | Found Tuso Dyg's General Store.
 19985 | Orc:2    | Found Duogy's Antique Armour Shop.
 19985 | Orc:2    | XOM: 8-stop teleportation journey
 19987 | Orc:2    | Noticed an orc warlord
 19998 | Orc:2    | XOM: cast spell 'Summon Hydra'
 20011 | Orc:2    | XOM: 2-stop teleportation journey
 20046 | Orc:2    | XOM: potion effect (might)
 20052 | Orc:2    | Reached XP level 14. HP: 96/148 MP: 19/19
 20053 | Orc:2    | XOM: destruction
 20064 | Orc:2    | XOM: divination: magic mapping
 20071 | Orc:2    | Killed an orc warlord
 20071 | Orc:2    | Reached skill level 5 in Evocations
 20074 | Orc:2    | XOM: destruction
 20078 | Orc:2    | XOM: summons 2 friendly demons
 20078 | Orc:2    | Gained mutation: Scrolls take you a little longer to read. [a neqoxec]
 20328 | Orc:1    | XOM: give mutation
 20328 | Orc:1    | Lost mutation: You are somewhat resistant to further mutation. [Xom's grace]
 20328 | Orc:1    | Gained mutation: You evolve. [Xom's grace]
 20330 | Orc:2    | XOM: cast spell 'Summon Ice Beast'
 20410 | Orc:1    | Lost mutation: Scrolls take you a little longer to read. [evolution]
 20457 | Orc:2    | XOM: fog
 20501 | Orc:1    | XOM: god gift: 11 royal jellies
 20503 | Orc:1    | XOM: vitrification
 20507 | Orc:2    | XOM: polymorph orc knight -> guardian serpent
 20535 | Orc:2    | XOM: summons 2 friendly demons
 20620 | Orc:2    | XOM: vitrification
 20799 | Orc:2    | XOM: divine lightning
 20824 | Orc:2    | XOM: vitrification
 20829 | Orc:2    | Bought the ring "Etueshrowk" {Str+4 Dex+4 Slay+2} for 761 gold pieces
 20879 | Orc:2    | XOM: vitrification
 20891 | Orc:2    | Bought a scroll of teleportation for 33 gold pieces
 20891 | Orc:2    | Bought a potion of curing for 33 gold pieces
 20923 | Orc:2    | Bought a translucent cloak for 266 gold pieces
 20923 | Orc:2    | Bought a blackened scale mail for 252 gold pieces
 20933 | Orc:2    | Identified the -2 cloak "Weskauzu" {Int+8 Dex-5} (You bought it in a shop on level 2 of the Orcish Mines)
 20949 | Orc:2    | Identified the +3 scale mail of Ati Jauc {+Blink rF+ Dex-3} (You bought it in a shop on level 2 of the Orcish Mines)
 20970 | Orc:2    | XOM: scenery: create altars
 20974 | Orc:2    | XOM: god gift: iron wand {god gift}
 20988 | Orc:2    | XOM: vitrification
 21215 | Lair:1   | Entered Level 1 of the Lair of Beasts
 21295 | Lair:1   | Found a glowing silver altar of Zin.
 21324 | Lair:1   | Noticed Gastronok
 21332 | Lair:1   | XOM: divination: detect items
 21337 | Lair:1   | Killed Gastronok
 21542 | Lair:1   | XOM: harmless Ice miscast
 22054 | Lair:2   | XOM: confuse monster(s)
 22055 | Lair:2   | XOM: harmless Air miscast
 22100 | Lair:2   | XOM: mild Chrm miscast
 22188 | Lair:2   | XOM: destruction
 22230 | Lair:2   | XOM: colour smoke trail
 22260 | Lair:2   | Noticed tasslehoff34's ghost (novice MiFi)
 22277 | Lair:2   | Killed tasslehoff34's ghost
 22277 | Lair:2   | Reached skill level 15 in Long Blades
 22713 | Lair:3   | XOM: enchant monster (good)
 22832 | Lair:3   | XOM: god gift: plate armour {god gift}
 22885 | Lair:3   | XOM: vitrification
 22889 | Lair:3   | XOM: summons 3 friendly demons
 23009 | Lair:3   | Gained mutation: You are extremely resistant to the effects of hostile enchantments. [evolution]
 23466 | Lair:3   | XOM: vitrification
 23519 | Lair:4   | XOM: 5-stop teleportation journey
 23566 | Lair:4   | Found a frozen archway.
 23598 | IceCv    | Entered an ice cave
 23628 | IceCv    | XOM: polymorph white imp -> crimson imp
 23678 | IceCv    | XOM: harmless Erth miscast
 23698 | IceCv    | XOM: noise
 23906 | IceCv    | Found an ancient bone altar of Kikubaaqudgha.
 23917 | IceCv    | XOM: blink monster(s)
 23922 | IceCv    | XOM: mild Chrm miscast
 24067 | IceCv    | XOM: 4-stop teleportation journey
 24163 | Lair:4   | XOM: 1-stop teleportation journey
 24201 | Lair:4   | Noticed Nergalle
 24208 | Lair:4   | XOM: enchant monster (good)
 24213 | Lair:4   | Killed Nergalle
 24230 | Lair:4   | XOM: medium Pois miscast
 24381 | Lair:4   | Noticed Snorg
 24389 | Lair:4   | XOM: cast spell 'Ice Form'
 24394 | Lair:4   | XOM: enchant monster (good)
 24396 | Lair:4   | XOM: silly message
 24413 | Lair:4   | XOM: potion effect (brilliance)
 24417 | Lair:4   | Killed Snorg
 24523 | Lair:4   | XOM: colour smoke trail
 24562 | Lair:4   | XOM: enchant monster (bad)
 24796 | Lair:4   | XOM: colour smoke trail
 24813 | Lair:4   | XOM: draining
 24820 | Lair:4   | XOM: summons 4 hostile shadow creatures
 25000 | Lair:5   | XOM: harmless Erth miscast
 25003 | Lair:5   | XOM: enchant monster (good)
 25063 | Lair:5   | XOM: give mutation
 25063 | Lair:5   | Lost mutation: Your flesh is very cold resistant. [Xom's mischief]
 25202 | Lair:5   | XOM: blink monster(s)
 25273 | Lair:5   | XOM: mild Conj miscast
 25279 | Lair:5   | XOM: mild Air miscast
 25303 | Lair:5   | Reached XP level 15. HP: 151/156 MP: 20/20
 25332 | Lair:5   | XOM: give mutation
 25332 | Lair:5   | Lost mutation: You are very agile. (Dex +4) [Xom's mischief]
 25375 | Lair:5   | Found a staircase to the Snake Pit.
 25658 | Lair:5   | XOM: swap monsters
 25662 | Lair:5   | XOM: give mutations
 25662 | Lair:5   | Lost mutation: You are very robust (+20% HP). [Xom's mischief]
 25662 | Lair:5   | Lost mutation: Your spells are a little harder to cast, but a little more powerful. [Xom's mischief]
 25662 | Lair:5   | Lost mutation: You are robust (+10% HP). [Xom's mischief]
 25662 | Lair:5   | Lost mutation: You are agile. (Dex +2) [Xom's mischief]
 25744 | Lair:6   | XOM: medium Ice miscast
 25745 | Lair:6   | XOM: repel stairs
 25751 | Lair:6   | XOM: mild Summ miscast
 25755 | Lair:6   | XOM: enchant monster (good)
 25763 | Lair:6   | XOM: mild Conj miscast
 25770 | Lair:5   | XOM: harmless Conj miscast
 25771 | Lair:5   | XOM: destruction
 25900 | Lair:6   | XOM: summons friendly white imp
 25915 | Lair:6   | XOM: 4-stop teleportation journey
 25981 | Lair:6   | Noticed Kirke
 25992 | Lair:6   | Killed Kirke
 26071 | Lair:6   | Found a staircase to the Shoals.
 26071 | Lair:6   | XOM: 3-stop teleportation journey
 26087 | Lair:6   | XOM: divine lightning
 26108 | Lair:6   | Reached skill level 10 in Armour
 26118 | Lair:6   | XOM: enchant monster (good)
 26257 | Lair:6   | Lost mutation: You are extremely resistant to the effects of hostile enchantments. [evolution]
 26257 | Lair:6   | Lost mutation: You evolve. [end of evolution]
 26285 | Lair:6   | You fall through a shaft for 2 floors!
 26285 | Lair:8   | Entered Level 8 of the Lair of Beasts
 26326 | Lair:8   | XOM: god gift: club {god gift}
 26327 | Lair:8   | XOM: enchant monster (good)
 26332 | Lair:7   | XOM: vitrification
 26333 | Lair:7   | Noticed Rupert
 26347 | Lair:7   | XOM: cast spell 'Death Channel'
 26352 | Lair:7   | Killed Rupert
 26445 | Lair:7   | XOM: scenery: create altars
 26571 | Lair:7   | XOM: vitrification
 26699 | Lair:7   | XOM: divination: detect items
 26703 | Lair:7   | XOM: vitrification
 26790 | Lair:7   | XOM: potion effect (might)
 26863 | Lair:7   | Found a staircase to the Slime Pits.
 26873 | Lair:7   | XOM: swap monsters
 26903 | Lair:7   | XOM: swap monsters
 26962 | Lair:7   | XOM: summons friendly white imp
 27005 | Lair:7   | XOM: vitrification
 27118 | Lair:6   | XOM: god gift: 10 stones
 27175 | Lair:6   | XOM: scenery: create altars
 27279 | Lair:8   | XOM: summons friendly white imp
 27300 | Lair:8   | Found a runed door.
 27339 | Lair:8   | XOM: enchant monster (good)
 27346 | Lair:8   | XOM: divination: detect creatures
 27453 | Lair:8   | XOM: polymorph worm -> centaur
 27496 | Lair:8   | XOM: 2-stop teleportation journey
 27508 | Lair:8   | XOM: divination: detect creatures
 27527 | Lair:8   | XOM: god gift: jewelled copper wand {god gift}
 27536 | Lair:8   | XOM: summons friendly white imp
 27543 | Lair:8   | XOM: divination: detect creatures
 27555 | Lair:8   | XOM: destruction
 27557 | Lair:8   | XOM: enchant monster (good)
 27561 | Lair:8   | XOM: destruction
 27564 | Lair:8   | XOM: potion effect (brilliance)
 27569 | Lair:8   | XOM: harmless Hex miscast
 27572 | Lair:8   | XOM: enchant monster (good)
 27585 | Lair:8   | XOM: smoke on damage
 27616 | Lair:8   | XOM: divination: detect items
 27640 | Lair:8   | XOM: give mutations
 27640 | Lair:8   | Lost mutation: You have an increased reservoir of magic (+10% MP). [Xom's mischief]
 27640 | Lair:8   | Lost mutation: Your flesh is almost immune to the effects of heat. [Xom's mischief]
 27683 | Lair:8   | XOM: summons 2 friendly demons
 28009 | Lair:8   | XOM: enchant monster (good)
 28021 | Lair:8   | XOM: cast spell 'Dragon Form'
 28079 | Lair:8   | XOM: god gift: paperback book {god gift}
 28080 | Lair:8   | Reached XP level 16. HP: 105/138 MP: 20/20
 28415 | Lair:8   | XOM: enchant monster (good)
 28703 | Lair:6   | XOM: colour smoke trail
 28799 | Lair:1   | XOM: divination: detect creatures
 28888 | Snake:1  | Entered Level 1 of the Snake Pit
 28955 | Snake:1  | XOM: polymorph mana viper -> water nymph
 28979 | Snake:1  | XOM: blink monster(s)
 29264 | Snake:1  | XOM: mild Trmt miscast
 29346 | Snake:1  | XOM: snakes to sticks
 29724 | Snake:1  | XOM: harmless Divn miscast
 29840 | Snake:2  | XOM: snakes to sticks
 29849 | Snake:2  | XOM: summons friendly quasit
 29857 | Snake:2  | XOM: give mutation
 29857 | Snake:2  | Lost mutation: Your muscles are very strong. (Str +4) [Xom's mischief]
 30026 | Snake:2  | XOM: chaos upgrade
 30043 | Snake:2  | XOM: mild Air miscast
 30046 | Snake:2  | XOM: blink monster(s)
 30058 | Snake:2  | Reached skill level 10 in Dodging
 30170 | Snake:2  | XOM: confuse monster(s)
 30177 | Snake:2  | XOM: medium Trmt miscast
 30307 | Snake:2  | XOM: summons 16 friendly demons
 30389 | Snake:2  | XOM: harmless Air miscast
 30510 | Snake:2  | Noticed Vashnia
 31014 | Snake:2  | XOM: blink monster(s)
 31068 | Snake:2  | XOM: enchant monster (bad)
 31137 | Snake:2  | XOM: enchant monster (bad)
 31163 | Snake:2  | XOM: chaos upgrade
 31168 | Snake:2  | Killed Vashnia
 31298 | Snake:2  | XOM: summons friendly ufetubus
 31300 | Snake:2  | XOM: fake destruction
 31383 | Snake:2  | Found Xoramiwk's Armour Shop.
 31450 | Snake:3  | XOM: summons 3 friendly demons
 31536 | Snake:3  | XOM: summons friendly iron imp
 31539 | Snake:3  | XOM: repel stairs
 31540 | Snake:3  | XOM: severe Fire miscast
 31629 | Snake:3  | XOM: smoke on damage
 31663 | Snake:3  | XOM: repel stairs
 31667 | Snake:3  | XOM: enchant monster (bad)
 31678 | Snake:3  | Reached XP level 17. HP: 118/144 MP: 21/21
 31781 | Snake:3  | XOM: 6-stop teleportation journey
 31785 | Snake:3  | XOM: summons 2 hostile demons
 31789 | Snake:3  | XOM: polymorph mana viper -> swamp worm
 31797 | Snake:3  | XOM: cast spell 'Summon Small Mammal'
 31826 | Snake:3  | XOM: blink monster(s)
 31829 | Snake:3  | XOM: polymorph quokka -> hobgoblin
 31859 | Snake:3  | XOM: potion effect (curing)
 31871 | Snake:2  | XOM: cast spell 'Ice Form'
 31891 | Snake:2  | XOM: noise
 31893 | Snake:2  | XOM: summons friendly white imp
 31896 | Snake:2  | XOM: cast spell 'Call Canine Familiar'
 32272 | Snake:3  | XOM: confuse monster(s)
 32274 | Snake:3  | XOM: destruction
 32283 | Snake:3  | XOM: god gift: sparkling book {god gift}
 32508 | Snake:3  | Identified Xom's Tome of the Hippo (Xom gifted it to you on level 3 of the Snake Pit)
 32525 | Snake:3  | XOM: scenery: 1 fountains blood, 1 doors close
 32538 | Snake:3  | XOM: cast spell 'Summon Butterflies'
 32608 | Snake:4  | Entered Level 4 of the Snake Pit
 32608 | Snake:4  | Noticed Bubs's ghost (adept VSAs)
 32614 | Snake:4  | XOM: confuse monster(s)
 32629 | Snake:4  | Killed Bubs's ghost
 32629 | Snake:4  | Reached skill level 12 in Fighting
 32678 | Snake:4  | XOM: confuse monster(s)
 32782 | Snake:4  | XOM: 2-stop teleportation journey
 32844 | Snake:4  | XOM: harmless Erth miscast
 33105 | Snake:4  | XOM: god gift: scroll of amnesia
 33329 | Snake:4  | XOM: potion effect (berserk rage)
 33479 | Snake:4  | XOM: polymorph shock serpent -> moth of wrath
 33482 | Snake:4  | XOM: polymorph greater naga -> emperor scorpion
 33483 | Snake:4  | XOM: snakes to sticks
 33495 | Snake:4  | XOM: summons friendly ice devil
 33629 | Snake:4  | XOM: 2-stop teleportation journey
 33630 | Snake:4  | XOM: confuse monster(s)
 33650 | Snake:4  | XOM: vitrification
 33694 | Snake:4  | Reached skill level 13 in Fighting
 33769 | Snake:4  | Found a glowing silver altar of Zin.
 33770 | Snake:4  | XOM: polymorph naga -> wyvern
 33828 | Snake:4  | XOM: swap monsters
 33830 | Snake:4  | XOM: summons friendly ynoxinul
 33942 | Snake:4  | XOM: give mutations
 33942 | Snake:4  | Gained mutation: You regenerate. [Xom's grace]
 33942 | Snake:4  | Gained mutation: Your spells are a little harder to cast, but a little more powerful. [Xom's grace]
 33942 | Snake:4  | Gained mutation: You passively map the area around you. [Xom's grace]
 33942 | Snake:4  | Gained mutation: Your spells are harder to cast, but more powerful. [Xom's grace]
 33993 | Snake:4  | XOM: summons friendly quasit
 34215 | Snake:4  | XOM: summons 8 friendly demons
 34223 | Snake:4  | XOM: silly message
 34355 | Snake:4  | XOM: give mutations
 34355 | Snake:4  | Lost mutation: Your spells are harder to cast, but more powerful. [Xom's mischief]
 34355 | Snake:4  | Lost mutation: Your system is resistant to poisons. [Xom's mischief]
 34355 | Snake:4  | Lost mutation: Your flesh is cold resistant. [Xom's mischief]
 34355 | Snake:4  | Lost mutation: Your flesh is very heat resistant. [Xom's mischief]
 34361 | Snake:4  | XOM: 1-stop teleportation journey
 34405 | Snake:4  | XOM: polymorph greater naga -> emperor scorpion
 34407 | Snake:4  | XOM: silly message
 34603 | Snake:4  | Reached skill level 14 in Fighting
 34604 | Snake:4  | XOM: blink monster(s)
 34610 | Snake:4  | XOM: confuse monster(s)
 34626 | Snake:4  | XOM: enchant monster (bad)
 34913 | Snake:4  | XOM: potion effect (brilliance)
 35025 | Snake:4  | XOM: potion effect (haste)
 35036 | Snake:4  | XOM: potion effect (curing)
 35097 | Snake:4  | Got a serpentine rune of Zot
 35202 | Snake:3  | Reached XP level 18. HP: 130/161 MP: 22/22
 35319 | Lair:6   | XOM: silly message
 35340 | Shoals:1 | Entered Level 1 of the Shoals
 35434 | Shoals:1 | XOM: enchant monster (good)
 35552 | Shoals:1 | XOM: confuse monster(s)
 35553 | Shoals:1 | Found Zoczostre's General Store.
 35557 | Shoals:1 | XOM: noise
 35593 | Shoals:1 | Bought a potion of heal wounds for 60 gold pieces
 35756 | Shoals:1 | XOM: mild Erth miscast
 35824 | Shoals:1 | XOM: cast spell 'Dragon Form'
 35836 | Shoals:1 | XOM: divination: detect items
 35903 | Shoals:1 | XOM: divination: detect items
 35958 | Shoals:2 | XOM: cast spell 'Summon Small Mammal'
 36066 | Shoals:2 | XOM: summons 9 hostile demons
 36100 | Shoals:2 | XOM: torment (73/161 hp)
 36236 | Shoals:2 | XOM: mild Conj miscast
 36289 | Shoals:2 | Found Sobytagh's Distillery.
 36297 | Shoals:2 | Bought a potion of heal wounds for 75 gold pieces
 36297 | Shoals:2 | Bought a potion of curing for 45 gold pieces
 36297 | Shoals:2 | Bought 2 potions of resistance for 300 gold pieces
 36297 | Shoals:2 | Bought a potion of resistance for 150 gold pieces
 36297 | Shoals:2 | Bought a potion of curing for 45 gold pieces
 36297 | Shoals:2 | Bought a potion of heal wounds for 75 gold pieces
 36297 | Shoals:2 | Bought a potion of resistance for 150 gold pieces
 36417 | Shoals:2 | XOM: mild Hex miscast
 36463 | Shoals:2 | XOM: mild Necr miscast
 36465 | Shoals:2 | XOM: draining
 36625 | Shoals:2 | Reached skill level 15 in Fighting
 36647 | Shoals:2 | XOM: harmless Ice miscast
 36741 | Shoals:2 | XOM: cast spell 'Ice Form'
 36883 | Shoals:3 | XOM: chaos upgrade
 36908 | Shoals:3 | XOM: snakes to sticks
 36967 | Shoals:3 | XOM: divination: magic mapping
 37022 | Shoals:3 | Noticed Karasique's ghost (adept TeHu)
 37030 | Shoals:3 | XOM: summons friendly crimson imp
 37038 | Shoals:3 | XOM: enchant monster (bad)
 37069 | Shoals:3 | XOM: enchant monster (good)
 37109 | Shoals:3 | XOM: confuse monster(s)
 37148 | Shoals:3 | Killed Karasique's ghost
 37161 | Shoals:3 | XOM: confuse monster(s)
 37164 | Shoals:3 | XOM: 5-stop teleportation journey
 37290 | Shoals:3 | XOM: potion effect (heal wounds)
 37301 | Shoals:3 | XOM: enchant monster (bad)
 37454 | Shoals:3 | XOM: god gift: 41 gold pieces
 37472 | Shoals:3 | XOM: divination: magic mapping
 37612 | Shoals:3 | XOM: harmless Hex miscast
 37646 | Shoals:4 | Entered Level 4 of the Shoals
 37675 | Shoals:4 | XOM: potion effect (berserk rage)
 37678 | Shoals:4 | Noticed Ilsuiw
 37679 | Shoals:4 | XOM: confuse monster(s)
 37681 | Shoals:4 | Noticed Polyphemus
 37738 | Shoals:4 | XOM: smoke on damage
 37747 | Shoals:4 | XOM: summons friendly iron imp
 37752 | Shoals:4 | XOM: noise
 37765 | Shoals:4 | XOM: divination: detect creatures
 37914 | Shoals:3 | XOM: harmless Tloc miscast
 37915 | Shoals:3 | XOM: cast spell 'Ice Form'
 37987 | Shoals:4 | XOM: swap monsters
 38002 | Shoals:4 | Killed Ilsuiw
 38067 | Shoals:4 | XOM: god gift: twisted glowing rod {god gift}
 38541 | Shoals:4 | XOM: summons 6 friendly demons
 38597 | Shoals:4 | XOM: 2-stop teleportation journey
 38658 | Shoals:4 | XOM: enchant monster (bad)
 38662 | Shoals:4 | Reached skill level 16 in Fighting
 38718 | Shoals:4 | XOM: summons friendly iron imp
 38738 | Shoals:4 | XOM: noise
 38739 | Shoals:4 | XOM: blink monster(s)
 38752 | Shoals:4 | XOM: chaos upgrade
 38767 | Shoals:4 | XOM: divination: detect creatures
 38936 | Shoals:4 | Got a barnacled rune of Zot
 39038 | Shoals:4 | XOM: cast spell 'Ring of Flames'
 39054 | Shoals:4 | Killed Polyphemus
 39513 | Lair:1   | XOM: harmless Divn miscast
 39541 | Lair:1   | Lost mutation: You possess an exceptional clarity of mind. [potion of mutation]
 39653 | D:14     | XOM: noise
 39676 | D:14     | XOM: scenery: create altars
 39689 | Vaults:1 | Entered Level 1 of the Vaults
 39693 | Vaults:1 | XOM: noise
 39696 | Vaults:1 | XOM: potion effect (brilliance)
 39704 | Vaults:1 | XOM: potion effect (invisibility)
 39968 | Vaults:1 | XOM: blink monster(s)
 39970 | Vaults:1 | XOM: summons 9 friendly demons
 39990 | Vaults:1 | Reached XP level 19. HP: 150/174 MP: 23/23
 40012 | Vaults:1 | XOM: confusion
 40030 | Vaults:1 | XOM: blink monster(s)
 40031 | Vaults:1 | XOM: harmless Air miscast
 40034 | Vaults:1 | XOM: enchant monster (good)
 40037 | Vaults:1 | XOM: summons 2 hostile shadow creatures
 40091 | Vaults:1 | XOM: enchant monster (bad)
 40132 | Vaults:1 | XOM: blink monster(s)
 40189 | Vaults:1 | XOM: god gift: 430 gold pieces
 40195 | Vaults:1 | XOM: confuse monster(s)
 40226 | Vaults:1 | XOM: summons 9 friendly demons
 40283 | Vaults:1 | XOM: 1-stop teleportation journey
 40352 | Vaults:1 | XOM: give mutations
 40352 | Vaults:1 | Gained mutation: You evolve. [Xom's grace]
 40352 | Vaults:1 | Gained mutation: You are extremely resistant to the effects of hostile enchantments. [Xom's grace]
 40405 | Vaults:1 | XOM: colour smoke trail
 40521 | Vaults:1 | XOM: fog
 40653 | Vaults:1 | XOM: blink monster(s)
 40730 | Vaults:1 | XOM: 2-stop teleportation journey
 40861 | Vaults:1 | XOM: cast spell 'Hydra Form'
 40913 | Vaults:1 | XOM: summons 5 friendly demons
 40930 | Vaults:1 | XOM: cast spell 'Metabolic Englaciation'
 40942 | Vaults:1 | XOM: fog
 41000 | Vaults:1 | XOM: fog
 41012 | Vaults:1 | XOM: polymorph vault sentinel -> jumping spider
 41025 | Vaults:1 | XOM: scenery: 1 doors close
 41068 | Vaults:1 | XOM: divination: detect items
 41087 | Vaults:1 | Reached skill level 17 in Fighting
 41285 | Vaults:1 | XOM: mild Trmt miscast
 41320 | Vaults:1 | XOM: divination: magic mapping
 41326 | Vaults:1 | XOM: potion effect (agility)
 41329 | Vaults:1 | XOM: potion effect (invisibility)
 41433 | Vaults:1 | XOM: potion effect (haste)
 41490 | Vaults:1 | XOM: potion effect (might)
 41500 | Vaults:1 | XOM: potion effect (berserk rage)
 41505 | Vaults:1 | XOM: cast spell 'Statue Form'
 41624 | Vaults:1 | XOM: summons 15 friendly demons
 41703 | Vaults:2 | XOM: noise
 41829 | Vaults:2 | XOM: 4-stop teleportation journey
 41858 | Vaults:2 | XOM: fog
 41870 | Vaults:2 | XOM: enchant monster (good)
 41874 | Vaults:2 | XOM: polymorph ogre -> tengu
 41940 | Vaults:2 | XOM: harmless Hex miscast
 41956 | Vaults:2 | Found Haugg's Assorted Antiques.
 42146 | Vaults:2 | XOM: harmless Tloc miscast
 42274 | Vaults:2 | XOM: potion effect (agility)
 42276 | Vaults:2 | XOM: potion effect (agility)
 42385 | Vaults:2 | XOM: 1-stop teleportation journey
 42556 | Vaults:2 | Found Nyluesur's Magic Scroll Boutique.
 42687 | Vaults:2 | Found a portal to a secret trove of treasure.
 42695 | Vaults:2 | XOM: god gift: glowing ring mail {god gift}
 42811 | Vaults:2 | Found a staircase to the Crypt.
 42811 | Vaults:2 | Found a basalt altar of Yredelemnul.
 42812 | Vaults:2 | Found an ancient bone altar of Kikubaaqudgha.
 42930 | Vaults:2 | XOM: confusion
 43103 | Vaults:3 | XOM: cast spell 'Dispersal'
 43114 | Vaults:3 | XOM: 1-stop teleportation journey
 43266 | Vaults:3 | Reached skill level 18 in Fighting
 43317 | Vaults:3 | XOM: swap monsters
 43324 | Vaults:3 | XOM: polymorph brown ugly thing -> wolf spider
 43394 | Vaults:3 | Reached XP level 20. HP: 181/187 MP: 24/24
 43484 | Vaults:3 | XOM: swap monsters
 43508 | Vaults:3 | XOM: scenery: 4 doors open
 44009 | Vaults:3 | XOM: fog
 44134 | Vaults:3 | XOM: 6-stop teleportation journey
 44345 | Vaults:3 | XOM: polymorph kobold -> giant cockroach
 44455 | Vaults:4 | Noticed Margery
 44507 | Vaults:4 | XOM: fake destruction
 44516 | Vaults:4 | Killed Margery
 44642 | Vaults:4 | XOM: divination: detect items
 44676 | Vaults:4 | XOM: 5-stop teleportation journey
 44779 | Vaults:4 | XOM: summons friendly iron imp
 44780 | Vaults:4 | XOM: fog
 44781 | Vaults:4 | XOM: destruction
 44793 | Vaults:4 | XOM: summons 1 friendly demon
 44806 | Vaults:4 | XOM: enchant monster (bad)
 44808 | Vaults:4 | Reached skill level 19 in Fighting
 44808 | Vaults:4 | XOM: confusion (+ monsters)
 44819 | Vaults:4 | XOM: summons 1 friendly demon
 44820 | Vaults:4 | XOM: cast spell 'Conjure Ball Lightning'
 44958 | Vaults:4 | Got a crude crystal plate armour
 44969 | Vaults:4 | Identified the +7 crystal plate armour of Distant Worlds {*Contam +Inv rPois rN++} (You acquired it on level 4 of the Vaults)
 44977 | Vaults:4 | XOM: god gift: slice of pizza
 45009 | Vaults:4 | XOM: harmless Tloc miscast
 45073 | Vaults:4 | Got a fine longbow
 45075 | Vaults:4 | Identified the +6 longbow "Fitrirex" {freeze, +Fly rElec rF-} (You found it on level 4 of the Vaults)
 45088 | Vaults:4 | XOM: scenery: 1 doors open
 45144 | Vaults:4 | XOM: divination: detect items
 45169 | Vaults:4 | Reached skill level 1 in Bows
 45312 | Vaults:4 | XOM: confusion
 45490 | Vaults:4 | XOM: summons 3 friendly demons
 45557 | Vaults:4 | Noticed Xtahua
 45577 | Vaults:4 | Killed Xtahua
 45649 | Vaults:4 | XOM: enchant monster (bad)
 45828 | Vaults:4 | XOM: enchant monster (bad)
 45832 | Vaults:4 | XOM: summons friendly iron imp
 45943 | Vaults:4 | XOM: summons 10 hostile demons
 46344 | D:15     | XOM: give mutation
 46344 | D:15     | Gained mutation: Your spells are harder to cast, but more powerful. [Xom's grace]
 46368 | Depths:1 | Entered Level 1 of the Depths
 46542 | Depths:1 | XOM: potion effect (haste)
 46578 | Depths:1 | Noticed Saint Roka
 46581 | Depths:1 | XOM: destruction
 46614 | Depths:1 | Killed Saint Roka
 46614 | Depths:1 | Reached XP level 21. HP: 135/199 MP: 25/25
 46632 | Depths:1 | XOM: divination: detect creatures
 46706 | Depths:1 | XOM: summons friendly iron imp
 46709 | Depths:1 | XOM: swap monsters
 46949 | Depths:1 | XOM: give mutations
 46949 | Depths:1 | Gained mutation: You have very sharp fingernails. [Xom's grace]
 46949 | Depths:1 | Gained mutation: You are agile. (Dex +2) [Xom's grace]
 46949 | Depths:1 | Gained mutation: You are robust (+10% HP). [Xom's grace]
 46949 | Depths:1 | Gained mutation: You have an increased reservoir of magic (+10% MP). [Xom's grace]
 47023 | Depths:1 | XOM: swap monsters
 47036 | Depths:1 | Found a gateway to Hell.
 47061 | Depths:1 | Reached skill level 5 in Bows
 47101 | Depths:1 | Reached skill level 15 in Armour
 47133 | Depths:1 | XOM: summons friendly crimson imp
 47144 | Depths:1 | XOM: summons friendly crimson imp
 47166 | Depths:1 | Lost mutation: You have an increased reservoir of magic (+10% MP). [evolution]
 47227 | Depths:1 | XOM: harmless Air miscast
 47249 | Depths:1 | XOM: summons friendly shadow imp
 47329 | Depths:1 | Found a one-way gate leading to the halls of Pandemonium.
 47380 | Depths:1 | XOM: noise
 47679 | Depths:1 | XOM: smoke on damage
 47834 | Depths:1 | Lost mutation: Your spells are harder to cast, but more powerful. [mutagenic glow]
 47835 | Depths:1 | XOM: blink monster(s)
 47966 | Depths:2 | XOM is BORED!
 47966 | Depths:2 | XOM: polymorph ettin -> catoblepas
 48024 | Depths:2 | XOM: confuse monster(s)
 48051 | Depths:2 | XOM: enchant monster (good)
 48055 | Depths:2 | XOM: summons 14 friendly demons
 48064 | Depths:2 | XOM: noise
 48067 | Depths:2 | XOM: chaos upgrade
 48071 | Depths:2 | XOM: 4-stop teleportation journey
 48130 | Depths:2 | Found a one-way gate to the infinite horrors of the Abyss.
 48170 | Depths:2 | XOM: noise
 48172 | Depths:2 | XOM: blink monster(s)
 48249 | Depths:2 | XOM: noise
 48357 | Depths:2 | XOM: silly message
 48427 | Depths:2 | XOM: give mutations
 48427 | Depths:2 | Lost mutation: You have a pair of antennae on your head. [Xom's mischief]
 48427 | Depths:2 | Lost mutation: You are extremely resistant to the effects of hostile enchantments. [Xom's mischief]
 48427 | Depths:2 | Lost mutation: You are robust (+10% HP). [Xom's mischief]
 48448 | Depths:2 | XOM: blink monster(s)
 48475 | Depths:2 | XOM: noise
 48476 | Depths:2 | XOM: summons 1 friendly demon
 48477 | Depths:2 | XOM: enchant monster (bad)
 48480 | Depths:2 | XOM: summons 2 friendly demons
 48565 | Depths:2 | Reached skill level 20 in Fighting
 48584 | Depths:2 | XOM: harmless Chrm miscast
 48684 | Depths:2 | Identified the Collected Works on Aid
 48820 | Depths:2 | XOM: silly message
 48844 | Depths:2 | XOM: enchant monster (bad)
 48850 | Depths:2 | XOM: medium Divn miscast
 48947 | Depths:2 | XOM: cast spell 'Summon Butterflies'
 48952 | Depths:1 | XOM: potion effect (invisibility)
 49041 | Depths:1 | XOM: give mutations
 49041 | Depths:1 | Lost mutation: You are agile. (Dex +2) [Xom's mischief]
 49041 | Depths:1 | Lost mutation: Your flesh is heat resistant. [Xom's mischief]
 49041 | Depths:1 | Lost mutation: You evolve. [Xom's mischief]
 49041 | Depths:1 | Lost mutation: Your spells are a little harder to cast, but a little more powerful. [Xom's mischief]
 49181 | Depths:2 | Cast into level 2 of the Abyss (hell knight)
 49181 | Depths:2 | Escaped the Abyss
 49181 | Depths:2 | XOM: revert banishment
 49289 | Depths:2 | XOM: harmless Conj miscast
 49291 | Depths:2 | XOM: cast spell 'Statue Form'
 49399 | Depths:2 | XOM: confuse monster(s)
 49431 | Depths:2 | XOM: summons 5 friendly demons
 49487 | Depths:2 | XOM: vitrification
 49503 | Depths:2 | XOM: divine lightning
 49517 | Depths:2 | XOM: swap monsters
 49635 | Depths:2 | Noticed a golden dragon
 49662 | Depths:2 | XOM: cast spell 'Olgreb's Toxic Radiance'
 49861 | Depths:1 | XOM: enchant monster (good)
 49863 | Depths:1 | Killed a golden dragon
 50137 | Depths:2 | Identified the Tome of Talismans and Transmutation
 50141 | Depths:2 | Learned a level 2 spell: Repel Missiles
 50145 | Depths:2 | Learned a level 3 spell: Spectral Weapon
 50197 | Depths:3 | Noticed Jorgrun
 50213 | Depths:3 | Killed Jorgrun
 50219 | Depths:3 | Reached skill level 1 in Charms
 50329 | Depths:3 | XOM: fog
 50337 | Depths:3 | Reached XP level 22. HP: 190/210 MP: 26/26
 50337 | Depths:3 | XOM: summons friendly white imp
 50499 | Depths:3 | XOM: polymorph white imp -> quasit
 50509 | Depths:3 | Found a gateway to a ziggurat.
 50611 | Depths:3 | XOM: 2-stop teleportation journey
 50742 | Depths:3 | XOM: god gift: ichor-stained great sword {god gift}
 50745 | Depths:3 | Got an ichor-stained great sword {god gift}
 50747 | Depths:3 | Identified the +1 great sword "Kycza" {chaos, rPois rN+} (Xom gifted it to you on level 3 of the Depths)
 50845 | Depths:3 | XOM: enchant monster (bad)
 51123 | Depths:3 | XOM: polymorph merfolk impaler -> hell hog
 51133 | Depths:3 | XOM: vitrification
 51176 | Depths:3 | XOM: silly message
 51296 | Depths:3 | XOM: swap monsters
 51305 | Depths:3 | XOM: enchant monster (good)
 51313 | Depths:3 | XOM: god gift: ring mail {god gift}
 51314 | Depths:3 | XOM: 1-stop teleportation journey
 51329 | Depths:3 | XOM: enchant monster (good)
 51356 | Depths:3 | XOM: swap monsters
 51358 | Depths:3 | XOM: summons 13 friendly demons
 51359 | Depths:3 | XOM: enchant monster (good)
 51365 | Depths:3 | XOM: chaos upgrade
 51460 | Depths:2 | XOM: scenery: 2 doors close
 51528 | Depths:2 | XOM: fog
 51709 | Depths:2 | XOM: god gift: scroll of amnesia
 51793 | Depths:3 | XOM: divination: detect creatures
 51941 | Depths:3 | XOM: 3-stop teleportation journey
 52314 | Depths:3 | XOM: noise
 52382 | Depths:3 | XOM: vitrification
 52494 | Depths:3 | XOM: fog
 52528 | Depths:3 | Reached skill level 5 in Charms
 52571 | Depths:4 | XOM: polymorph frost giant -> apis
 52602 | Depths:4 | XOM: potion effect (might)
 52614 | Depths:4 | XOM: blink monster(s)
 52632 | Depths:4 | XOM: medium Ice miscast
 52641 | Depths:4 | XOM: enchant monster (good)
 52697 | Depths:4 | XOM: noise
 52787 | Depths:4 | XOM: polymorph sphinx -> apis
 52795 | Depths:4 | Reached skill level 21 in Fighting
 53052 | Depths:4 | XOM: medium Summ miscast
 53158 | Depths:4 | XOM: silly message
 53187 | Depths:4 | XOM: summons 9 friendly demons
 53192 | Depths:4 | XOM: harmless Fire miscast
 53219 | Depths:4 | XOM: chaos upgrade
 53222 | Depths:4 | XOM: cast spell 'Cause Fear'
 53409 | Depths:4 | XOM: potion effect (brilliance)
 53555 | Depths:4 | XOM: divination: magic mapping
 53560 | Depths:4 | XOM: summons friendly quasit
 53567 | Depths:4 | XOM: confuse monster(s)
 53582 | Depths:4 | XOM: give mutations
 53582 | Depths:4 | Gained mutation: Your muscles are very strong. (Str +4) [Xom's grace]
 53582 | Depths:4 | Gained mutation: You have a pair of antennae on your head. [Xom's grace]
 53703 | Depths:4 | Found a runed door.
 53748 | Depths:4 | XOM: vitrification
 53994 | Depths:4 | Got a translucent ring mail
 53995 | Depths:4 | Identified the +4 ring mail of Xeileur {rElec rPois rF+} (You found it on level 4 of the Depths)
 54074 | Depths:4 | XOM: harmless Conj miscast
 54123 | Depths:4 | Noticed a juggernaut
 54191 | Depths:4 | XOM: colour smoke trail
 54299 | Depths:4 | Noticed a golden dragon
 54308 | Depths:4 | XOM: polymorph spriggan berserker -> queen ant
 54309 | Depths:4 | XOM: noise
 54311 | Depths:4 | Killed a golden dragon
 54311 | Depths:4 | Reached XP level 23. HP: 180/220 MP: 27/27
 54315 | Depths:4 | XOM: polymorph green ugly thing -> entropy weaver
 54325 | Depths:4 | XOM: silly message
 54352 | Depths:4 | XOM: polymorph spriggan defender -> stone giant
 54358 | Depths:4 | XOM: summons 2 friendly demons
 54443 | Depths:4 | XOM: potion effect (curing)
 54449 | Depths:4 | Noticed a juggernaut
 54506 | Depths:5 | Entered Level 5 of the Depths
 54514 | Depths:5 | XOM: summons friendly ufetubus
 54533 | Depths:5 | XOM: give mutations
 54533 | Depths:5 | Lost mutation: Your muscles are very strong. (Str +4) [Xom's mischief]
 54533 | Depths:5 | Lost mutation: You regenerate. [Xom's mischief]
 54533 | Depths:5 | Lost mutation: You have very sharp fingernails. [Xom's mischief]
 54533 | Depths:5 | Gained mutation: Scrolls take you a little longer to read. [Xom's mischief]
 54569 | Depths:5 | XOM: god gift: 25 stones
 54634 | Depths:5 | XOM: harmless Divn miscast
 54676 | Depths:4 | XOM: chaos cloud
 54677 | Depths:4 | XOM: summons 3 hostile demons
 54691 | Depths:4 | Killed a juggernaut
 54709 | Depths:4 | Killed a juggernaut
 54711 | Depths:4 | XOM: 1-stop teleportation journey
 54738 | Depths:4 | XOM: harmless Ice miscast
 54833 | Depths:4 | XOM: mild Summ miscast
 54835 | Depths:4 | XOM: summons 7 hostile demons
 54958 | Depths:4 | XOM: enchant monster (good)
 54999 | Depths:4 | XOM: enchant monster (good)
 55020 | Depths:4 | Got a vibrating marble ring
 55041 | Depths:4 | Identified the Collected Works on Bewitchment
 55065 | Depths:4 | Identified the ring of Uruefyra {*Contam +Blink rN+ Int+9 Dex+7} (You took it off a deep elf high priest on level 4 of the Depths)
 55155 | Depths:4 | Noticed a juggernaut
 55157 | Depths:4 | XOM: enchant monster (good)
 55179 | Depths:4 | Killed a juggernaut
 55288 | Depths:4 | XOM: give mutations
 55288 | Depths:4 | Lost mutation: You passively map the area around you. [Xom's mischief]
 55288 | Depths:4 | Lost mutation: Scrolls take you a little longer to read. [Xom's mischief]
 55288 | Depths:4 | Lost mutation: You have sharp fingernails. [Xom's mischief]
 55288 | Depths:4 | Lost mutation: You have a pair of antennae on your head. [Xom's mischief]
 55481 | Depths:5 | XOM: polymorph stone giant -> dire elephant
 55492 | Depths:5 | XOM: mild Divn miscast
 55644 | Depths:5 | Found Kiravag's Gadget Emporium.
 55657 | Depths:5 | Bought a wand of teleportation (2/9) for 252 gold pieces
 55694 | Depths:5 | XOM: blink monster(s)
 55701 | Depths:5 | XOM: noise
 55730 | Depths:4 | XOM: harmless Conj miscast
 55753 | Depths:4 | XOM: harmless Tloc miscast
 55758 | Depths:4 | XOM: enchant monster (good)
 55901 | Depths:4 | XOM: god gift: leather armour {god gift}
 55908 | Depths:5 | XOM: enchant monster (good)
 56052 | Depths:5 | XOM: divination: detect items
 56062 | Depths:5 | XOM: divination: detect creatures
 56073 | Depths:5 | XOM: swap monsters
 56140 | Depths:5 | Found an iron altar of Okawaru.
 56164 | Depths:5 | XOM: silly message
 56184 | Depths:5 | XOM: confuse monster(s)
 56193 | Depths:5 | XOM: confuse monster(s)
 56222 | Depths:5 | XOM: enchant monster (bad)
 56348 | Depths:5 | XOM: harmless Pois miscast
 56354 | Depths:5 | XOM: summons friendly ufetubus
 56370 | Depths:5 | XOM: mild Pois miscast
 56383 | Depths:5 | XOM: summons 11 hostile demons
 56560 | Depths:5 | XOM: harmless Tloc miscast
 56641 | Depths:5 | XOM: noise
 56644 | Depths:5 | XOM: polymorph mottled draconian knight -> alligator snapping turtle
 56740 | Depths:5 | Found a gate to the Realm of Zot.
 56805 | Depths:5 | Reached skill level 22 in Fighting
 56885 | Depths:3 | XOM: noise
 56991 | D:14     | XOM: harmless Fire miscast
 57375 | Shoals:1 | XOM: give mutation
 57375 | Shoals:1 | Gained mutation: Your spells are a little harder to cast, but a little more powerful. [Xom's grace]
 57593 | Elf:1    | Entered Level 1 of the Elven Halls
 57595 | Elf:1    | XOM: 1-stop teleportation journey
 57670 | Elf:1    | Reached skill level 10 in Charms
 57681 | Elf:1    | XOM: harmless Erth miscast
 57683 | Elf:1    | XOM: confuse monster(s)
 57769 | Elf:1    | XOM: colour smoke trail
 57818 | Elf:1    | XOM: 5-stop teleportation journey
 57858 | Elf:1    | XOM: divination: magic mapping
 57905 | Elf:1    | XOM: noise
 58083 | Elf:1    | XOM: confuse monster(s)
 58107 | Elf:1    | XOM: polymorph hell rat -> giant eyeball
 58109 | Elf:1    | XOM: confuse monster(s)
 58123 | Elf:1    | XOM: noise
 58201 | Elf:1    | XOM: summons friendly white imp
 58434 | Elf:2    | XOM: polymorph deep elf mage -> boulder beetle
 58442 | Elf:2    | XOM: divine lightning
 58444 | Elf:2    | Noticed Amnesiac's ghost (adept MfGl)
 58462 | Elf:2    | XOM: summons 3 friendly demons
 58473 | Elf:2    | XOM: fog
 58490 | Elf:2    | XOM: summons friendly crimson imp
 58502 | Elf:2    | XOM: polymorph crimson imp -> quasit
 58518 | Elf:2    | XOM: confuse monster(s)
 58520 | Elf:2    | Killed Amnesiac's ghost
 58763 | Elf:2    | Reached XP level 24. HP: 211/232 MP: 27/27
 58766 | Elf:2    | XOM: god gift: amulet of harm {god gift}
 58844 | Elf:2    | XOM: blink monster(s)
 58878 | Elf:2    | XOM: vitrification
 58893 | Elf:2    | XOM: god gift: 6 stones
 58979 | Elf:2    | Found a huge runed gate.
 58979 | Elf:2    | Found a huge runed gate.
 58980 | Elf:2    | Found a huge runed gate.
 58983 | Elf:2    | Found a huge runed gate.
 58985 | Elf:2    | Found a huge runed gate.
 59079 | Elf:2    | XOM: 3-stop teleportation journey
 59175 | Elf:2    | XOM: divination: detect creatures
 59314 | Elf:2    | XOM: destruction
 59460 | Elf:3    | Entered Level 3 of the Elven Halls
 59539 | Elf:3    | XOM: polymorph deep elf mage -> yaktaur
 59669 | Elf:3    | XOM: vitrification
 59679 | Elf:3    | XOM: 1-stop teleportation journey
 60022 | Elf:3    | XOM: cast spell 'Disjunction'
 60133 | Elf:3    | XOM: cast spell 'Summon Small Mammal'
 60178 | Elf:3    | XOM: silly message
 60199 | Elf:3    | XOM: cast spell 'Ring of Flames'
 60405 | Elf:3    | XOM: summons friendly iron imp
 60616 | Elf:3    | XOM: potion effect (berserk rage)
 60638 | Elf:3    | XOM: potion effect (brilliance)
 60641 | Elf:3    | XOM: confuse monster(s)
 60785 | Elf:3    | Got a twisted shield
 60793 | Elf:3    | Identified the +4 shield "Setaemic" {Int+2} (You found it on level 3 of the Elven Halls)
 60810 | Elf:3    | Got a warped chain mail
 60811 | Elf:3    | Identified the +6 chain mail "Orphuaj" {-Tele +Fly rPois Stlth+} (You found it on level 3 of the Elven Halls)
 60817 | Elf:3    | XOM: divination: detect items
 60818 | Elf:3    | Got a glittering amber ring
 60819 | Elf:3    | Identified the ring of Yrik {rPois MP+9} (You found it on level 3 of the Elven Halls)
 60826 | Elf:3    | Identified Zaytyiji's Volume of Earthen Attacks
 61005 | Elf:3    | XOM: cast spell 'Necromutation'
 61807 | Vaults:1 | XOM: fog
 61908 | Vaults:2 | XOM: confuse monster(s)
 61948 | Vaults:2 | XOM: god gift: scroll of amnesia
 61982 | Vaults:2 | Bought a scroll of recharging for 285 gold pieces
 61982 | Vaults:2 | Bought a metal-bound book for 450 gold pieces
 62233 | D:15     | XOM: divination: detect creatures
 62382 | Depths:2 | XOM is BORED!
 62382 | Depths:2 | XOM: medium Air miscast
 62426 | Depths:2 | XOM: summons 2 friendly demons
 62448 | Depths:2 | XOM: summons friendly ufetubus
 62485 | Depths:2 | Voluntarily entered the Abyss.
 62592 | Abyss:2  | Got a pair of shimmering gloves
 62613 | Abyss:2  | Identified the cursed -3 pair of gloves of Death Resistance {rN+ Str+4 Int+2} (You found it on level 2 of the Abyss)
 62634 | Abyss:2  | XOM: divination: detect creatures
 62639 | Abyss:2  | XOM: cast spell 'Confusing Touch'
 62750 | Abyss:3  | Found a corrupted altar of Lugonu.
 62801 | Abyss:3  | XOM: cast spell 'Summon Small Mammal'
 62878 | Abyss:3  | XOM: potion effect (haste)
 62889 | Abyss:3  | Reached skill level 23 in Fighting
 62900 | Abyss:3  | XOM: potion effect (haste)
 62993 | Abyss:3  | XOM: divination: detect items
 63081 | Abyss:3  | XOM: divination: detect items
 63091 | Abyss:3  | XOM: noise
 63094 | Abyss:3  | XOM: give mutations
 63094 | Abyss:3  | Lost mutation: You are resistant to electric shocks. [Xom's mischief]
 63094 | Abyss:3  | Gained mutation: Scrolls take you a little longer to read. [Xom's mischief]
 63094 | Abyss:3  | Gained mutation: You are dopey. (Int -2) [Xom's mischief]
 63126 | Abyss:3  | XOM: silly message
 63171 | Abyss:3  | XOM: medium Hex miscast
 63206 | Abyss:3  | XOM: silly message
 63223 | Abyss:3  | XOM: mild Necr miscast
 63227 | Abyss:3  | Reached skill level 10 in Bows
 63230 | Abyss:3  | XOM: enchant monster (good)
 63337 | Abyss:3  | XOM: enchant monster (good)
 63531 | Abyss:3  | XOM: divination: magic mapping
 63545 | Abyss:3  | XOM: divination: magic mapping
 63582 | Abyss:3  | Reached XP level 25. HP: 242/242 MP: 27/27
 63696 | Abyss:3  | Lost mutation: Your spells are a little harder to cast, but a little more powerful. [a neqoxec]
 63838 | Abyss:3  | XOM: harmless Trmt miscast
 63858 | Abyss:3  | Found a snail-covered altar of Cheibriados.
 63872 | Abyss:3  | Found a corrupted altar of Lugonu.
 63941 | Abyss:3  | Paralysed by accursed screaming for 1 turns
 63947 | Abyss:3  | XOM: cast spell 'Confusing Touch'
 63973 | Abyss:3  | XOM: cast spell 'Leda's Liquefaction'
 64081 | Abyss:3  | Lost mutation: Scrolls take you a little longer to read. [a shining eye]
 64112 | Abyss:3  | XOM: noise
 64133 | Abyss:3  | Paralysed by accursed screaming for 1 turns
 64141 | Abyss:3  | XOM: summons friendly crimson imp
 64270 | Abyss:3  | XOM: silly message
 64289 | Abyss:3  | Paralysed by accursed screaming for 1 turns
 64319 | Abyss:3  | XOM: cast spell 'Summon Butterflies'
 64579 | Abyss:3  | XOM: medium Fire miscast
 64678 | Abyss:3  | XOM: summons 9 friendly demons
 64784 | Abyss:3  | Got an abyssal rune of Zot
 64847 | Abyss:3  | XOM: cast spell 'Statue Form'
 64878 | Abyss:3  | XOM: enchant monster (good)
 64882 | Abyss:3  | XOM: harmless Pois miscast
 64916 | Abyss:3  | XOM: chaos upgrade
 64934 | Abyss:3  | XOM: enchant monster (good)
 64966 | Abyss:3  | XOM: noise
 65116 | Abyss:3  | Paralysed by accursed screaming for 1 turns
 65119 | Abyss:3  | XOM: mild Fire miscast
 65133 | Abyss:3  | Found a corrupted altar of Lugonu.
 65215 | Abyss:3  | Found a corrupted altar of Lugonu.
 65289 | Depths:2 | Escaped the Abyss
 65611 | D:9      | XOM: silly message
 65649 | Lair:1   | Got a polished centaur barding
 65660 | Lair:1   | Identified the +0 centaur barding "Biorom" {rPois Slay+6} (You acquired it on level 1 of the Lair of Beasts)
 65785 | D:11     | XOM: noise
 66081 | Depths:5 | XOM: harmless Tloc miscast
 66103 | Depths:5 | XOM: harmless Tloc miscast
 66155 | Zot:1    | Entered Level 1 of the Realm of Zot
 66191 | Zot:1    | XOM: enchant monster (bad)
 66318 | Zot:1    | XOM: mild Trmt miscast
 66342 | Zot:1    | XOM: fog
 66356 | Zot:1    | XOM: summons 9 friendly demons
 66512 | Depths:5 | XOM: give mutations
 66512 | Depths:5 | Gained mutation: You have supernaturally acute eyesight. [Xom's grace]
 66512 | Depths:5 | Gained mutation: Your muscles are very strong. (Str +4) [Xom's grace]
 66689 | Zot:1    | XOM: 3-stop teleportation journey
 66720 | Zot:1    | XOM: enchant monster (good)
 66880 | Zot:1    | XOM: divination: magic mapping
 67136 | Zot:1    | XOM: confuse monster(s)
 67141 | Zot:1    | XOM: polymorph red draconian -> entropy weaver
 67239 | Zot:1    | XOM: vitrification
 67364 | Zot:1    | XOM: fog
 67570 | Zot:1    | XOM: give mutations
 67570 | Zot:1    | Lost mutation: You are dopey. (Int -2) [Xom's grace]
 67570 | Zot:1    | Gained mutation: Your mind is acute. (Int +2) [Xom's grace]
 67570 | Zot:1    | Gained mutation: You regenerate. [Xom's grace]
 67599 | Zot:1    | XOM: god gift: 22 arrows of dispersal
 67656 | Zot:2    | XOM: give mutation
 67656 | Zot:2    | Gained mutation: You have a pair of antennae on your head. [Xom's grace]
 67777 | Zot:2    | XOM: vitrification
 67827 | Zot:2    | XOM: polymorph tentacled monstrosity -> doom hound
 67843 | Zot:2    | XOM: summons friendly shadow imp
 67926 | Zot:1    | XOM: destruction
 68013 | Depths:3 | XOM: vitrification
 68275 | Vaults:2 | You paid a toll of a +4 shadow dragon armour to enter a treasure trove
 68276 | Trove    | Entered a treasure trove
 68323 | Trove    | Got a shimmering copper amulet
 68325 | Trove    | Got a clouded silver amulet
 68328 | Trove    | Got a pitted pewter amulet
 68331 | Trove    | Identified the amulet of Spontaneous Combustion {+Rage SInv} (You found it in a treasure trove)
 68333 | Trove    | Identified the amulet "Ytiqamipre" {rC+ Regen+ MP+9 Str+2 Int-4} (You found it in a treasure trove)
 68334 | Trove    | Identified the amulet "Iskuqi" {RegenMP *Confuse rN+ Str+2} (You found it in a treasure trove)
 68462 | Vaults:1 | XOM: god gift: wand of iceblast {god gift}
 68512 | D:15     | XOM: god gift: 14 royal jellies
 68539 | Depths:1 | XOM: vitrification
 68625 | Depths:5 | XOM: fake destruction
 68633 | Depths:5 | Reached skill level 24 in Fighting
 68659 | Zot:1    | XOM: summons friendly ufetubus
 68706 | Zot:1    | XOM: harmless Tloc miscast
 68744 | Zot:2    | XOM: potion effect (agility)
 68745 | Zot:2    | XOM: potion effect (experience)
 68745 | Zot:2    | Reached XP level 26. HP: 254/254 MP: 27/27
 68749 | Zot:2    | XOM: summons 1 hostile shadow creature
 68763 | Zot:2    | Reached skill level 15 in Bows
 68806 | Zot:2    | Paralysed by a Zot trap for 4 turns
 68806 | Zot:2    | XOM: 2-stop teleportation journey
 68874 | Zot:2    | XOM: give mutation
 68874 | Zot:2    | Lost mutation: You are partially covered in iridescent scales (AC +4). [Xom's mischief]
 68943 | Zot:2    | XOM: mild Conj miscast
 68997 | Zot:2    | XOM: stat loss: -1 Str (28/28)
 68999 | Zot:2    | Reached XP level 27. HP: 233/261 MP: 27/27
 69005 | Zot:2    | XOM: vitrification
 69035 | Zot:2    | XOM: god gift: potion of heal wounds
 69125 | Zot:2    | XOM: vitrification
 69144 | Zot:2    | XOM: summons friendly iron imp
 69208 | Zot:2    | XOM: swap monsters
 69311 | Zot:2    | XOM: vitrification
 69391 | Zot:2    | XOM: blink monster(s)
 69488 | Zot:3    | XOM: 3-stop teleportation journey
 69532 | Zot:3    | XOM: enchant monster (good)
 69563 | Zot:3    | XOM: 1-stop teleportation journey
 69575 | Zot:3    | XOM: destruction
 69579 | Zot:3    | XOM: confuse monster(s)
 69605 | Zot:2    | XOM: give mutation
 69605 | Zot:2    | Lost mutation: Your mind is acute. (Int +2) [Xom's mischief]
 69916 | Zot:3    | XOM: polymorph green draconian -> azure jelly
 69933 | Zot:3    | XOM: smoke on damage
 69970 | Zot:4    | XOM: medium Trmt miscast
 70181 | Zot:4    | XOM: polymorph purple draconian knight -> stone giant
 70269 | Zot:3    | XOM: polymorph white draconian -> azure jelly
 70403 | Zot:3    | XOM: polymorph tentacled monstrosity -> tentacled monstrosity
 70413 | Zot:3    | XOM: chaos upgrade
 70435 | Zot:3    | XOM: summons 1 hostile demon
 70437 | Zot:3    | XOM: harmless Hex miscast
 70663 | Zot:3    | XOM: blink monster(s)
 70822 | Zot:4    | XOM: mild Ice miscast
 70828 | Zot:4    | XOM: blink monster(s)
 70843 | Zot:4    | XOM: mild Necr miscast
 70891 | Zot:4    | XOM: 7-stop teleportation journey
 70917 | Zot:4    | XOM: give mutations
 70917 | Zot:4    | Lost mutation: You regenerate. [Xom's mischief]
 70917 | Zot:4    | Lost mutation: Your muscles are very strong. (Str +4) [Xom's mischief]
 71137 | Zot:4    | XOM: stat loss: -1 Str (27/27)
 71140 | Zot:4    | XOM: medium Summ miscast
 71259 | Zot:4    | XOM: mild Divn miscast
 71446 | Zot:5    | Entered Level 5 of the Realm of Zot
 71446 | Zot:5    | XOM: repel stairs
 71579 | Zot:5    | XOM: 8-stop teleportation journey
 71676 | Zot:5    | XOM: enchant monster (good)
 71871 | Zot:5    | XOM: cast spell 'Summon Butterflies'
 71916 | Zot:5    | Reached skill level 25 in Fighting
 71944 | Zot:5    | Noticed an ancient lich
 71953 | Zot:5    | XOM: silly message
 71955 | Zot:5    | Killed an ancient lich
 71963 | Zot:5    | XOM: confuse monster(s)
 71981 | Zot:5    | Noticed an orb of fire
 71988 | Zot:5    | Noticed an ancient lich
 71988 | Zot:5    | Noticed an ancient lich
 71988 | Zot:5    | Noticed an orb of fire
 71988 | Zot:5    | Noticed an ancient lich
 71988 | Zot:5    | Noticed an ancient lich
 71988 | Zot:5    | Noticed an ancient lich
 71993 | Zot:5    | Paralysed by the power of Zot for 4 turns
 71995 | Zot:5    | XOM: potion effect (haste)
 71995 | Zot:5    | HP: 10/266 [electric golem (5)]
 71995 | Zot:5    | Mangled by an Orb Guardian

Vault maps used:
D:1:      minmay_arrival_hallway
D:2:      grunt_temple_overflow_growth_and_decay, kennysheep_flooded_box,
          kennysheep_generic_room_2, uniq_terence
D:3:      nrook_mini_vaults, grunt_ministairs_14
D:4:      first_bread
D:5:      grunt_temple_overflow_gold_and_silver, nicolae_overflow_hidden_temple,
          temple_hall, basic_altar
D:6:      tgw_trog, uniq_eustachio
D:7:      enter_ossuary_3, uniq_crazy_yiuf_cottage, uniq_joseph, uniq_duvessa
D:8:      due_lair_maze_entry_diamond, hangedman_little_slice_of_home,
          hangedman_decor_lopped, uniq_erica
D:9:      tso_oasis_becter, grunt_temple_overflow_open, kennysheep_diamond,
          st_stairs_6, nicolae_tso_besieged_by_evil, uniq_pikel
D:10:     hiddenorc1_lemuel
D:11:     serial_shops, nicolae_shop_trees
D:12:     basic_altar, uniq_josephine, uniq_erolcha, uniq_frances
D:13:     lab_entry_generic
D:14:     hangedman_vaults_entry_quadrant_bands, nrook_guardian_serpent_ordinary
D:15:     gammafunk_enter_depths_forms, basic_altar,
          nrook_guardian_serpent_double
Lair:1:   basic_altar, lemuel_fruit_fields, grunt_megastairs_2, uniq_gastronok
Lair:2:   serial_bayou_pond_b, eino_small_chamber_without_monster
Lair:4:   portal_ice_cave_entry_ice_beasts, minivault_26, uniq_snorg,
          uniq_nergalle
Lair:5:   minmay_snake_entry_six_corridors, infiniplex_staircase_pool
Lair:6:   minmay_shoals_entry_beasts, hibernation_bobbens, uniq_kirke
Lair:7:   minmay_slime_entry_oklob_open, st_stairs_6, uniq_rupert
Lair:8:   wormcave, hangedman_lair_caniforms_friends
Shoals:1: serial_shops, shop, nicolae_shoals_loop_pool
Shoals:2: serial_shops, nicolae_shop_crystal
Shoals:4: shoals_end_simple, shoals_ilsuiw_ice, nicolae_shoals_seven_spires,
          uniq_polyphemus
Snake:1:  grunt_megastairs_1, serial_bayou_shore_a, serial_bayou_shore_b
Snake:2:  serial_shops, shop_statue, uniq_vashnia
Snake:3:  grunt_megastairs_3
Snake:4:  grunt_snake_rune_pools, basic_altar
Orc:1:    basic_altar
Orc:2:    grunt_orc_gardens, grunt_orc_garden, grunt_orc_garden,
          grunt_orc_garden, grunt_orc_garden, serial_shops, shop
Elf:1:    kennysheep_ambush_hall, kennysheep_underground_church
Elf:3:    elf_hall, hangedman_glass_teeth
Vaults:1: v_misc_30, vaults_mumra_hex, v_pattern_2, v_rooms_4,
          hangedman_vaults_corner_blocks, v_misc_19,
          nicolae_vaults_border_crossing, nicolae_vaults_little_squares_3,
          ontoclasm_vaults_ring_small, nicolae_vaults_alarming,
          vaults_mumra_chevron_long, vaults_dpeg_ring
Vaults:2: ontoclasm_vaults_gateway, ontoclasm_vaults_spin,
          minmay_crypt_entry_necro_gods, dpeg_vaults_monster_row,
          v_alt_pattern_2, v_misc_13, v_misc_28, grunt_vaults_swirl, v_rooms_6,
          ontoclasm_vaults_ligature, serial_shops,
          nicolae_shop_temple_entry_statues_fountains, nicolae_shop_trees,
          enter_trove_6
Vaults:3: hangedman_vaults_capsules, ontoclasm_vaults_hangar,
          hangedman_vaults_cutoff, v_misc_13, nicolae_vaults_theta,
          ontoclasm_vaults_pinch, v_rooms_5, grunt_vaults_bifocal, v_misc_4,
          v_misc_10, vaults_dpeg_encased_lava, hangedman_vaults_stagger,
          v_misc_8, v_misc_19, nicolae_vaults_hallways_thing, vaults_room_pools
Vaults:4: hangedman_vaults_corner_blocks, hangedman_vaults_snaps,
          grunt_vaults_trifunnel, vaults_room_door_ring, v_alt_pattern_1,
          vaults_room_ringed_pool, ontoclasm_vaults_ring_small,
          nicolae_vaults_sealed_display, hangedman_vaults_stream,
          vaults_room_corners, vaults_mumra_chevron,
          nicolae_vaults_diagonal_hallway_6, uniq_margery, uniq_xtahua
Depths:1: serial_sigils_hangedman_shear, rand_demon_pan_entry_5, hell_entry,
          ice2_lemuel, uniq_saint_roka
Depths:2: hangedman_opposites_gauntlet, grunt_hell_entry_dis_mu, abyss_entry,
          basic_stair_grate_trap, minmay_staircase_statues
Depths:3: evilmike_hourglass, enter_ziggurat_e, hell_entry,
          grunt_pan_entry_in_and_out, kennysheep_another_room,
          hangedman_glass_garden, kennysheep_generic_room_8, uniq_jorgrun
Depths:4: box_level_dp, hell_entry, abyss_entry, pan_entry
Depths:5: evilmike_zot_entry_basic, serial_shops, nicolae_shop_crystal,
          abyss_entry, okawaru_ov_weapons_minmay, hell_entry
Zot:5:    hangedman_zot_decor_tridents
Abyss:2:  minivault_28
Abyss:3:  hangedman_abyss_exit_choices
Lab:      nicolae_lab_dead_adventurers, nicolae_lab_hexagon,
          nicolae_lab_checkerboard
Trove:    trove_garden
Ossuary:  ossuary_crypta
IceCv:    ice_cave_small_necro

Skill      XL: |  1  2  3  4  5  6  7  8  9 10 11 12 13 14 15 16 17 18 19 20 21 22 23 24 25 26 27 |
---------------+----------------------------------------------------------------------------------+-----
Long Blades    | 3 4 5 6 8 10 11 13 14 15 17 18 | 18.5
Fighting       | 4 5 6 8 9 10 11 14 16 18 19 20 21 22 23 24 25 | 25.0
Armour         | 2 3 4 5 6 7 8 9 10 11 12 13 14 15 16 17 18 19 | 19.9
Dodging        | 1 3 5 6 8 9 10 11 12 13 | 13.2
Evocations     | 4 5 |  5.3
Bows           | 4 8 10 14 15 17 | 17.9
Charms         | 1 7 10 11 | 11.9

Action                   |  1- 3 |  4- 6 |  7- 9 | 10-12 | 13-15 | 16-18 | 19-21 | 22-24 | 25-27 || total
-------------------------+-------+-------+-------+-------+-------+-------+-------+-------+-------++-------
Melee: Falchion          |    78 |   232 |   597 |     7 |    11 |       |       |       |       ||   925
       Scimitar          |       |       |    12 |   645 |   608 |     6 |       |       |       ||  1271
       Great sword       |       |       |       |       |  1262 |  2020 |  2199 |  2300 |  1349 ||  9130
       Unarmed           |       |       |       |       |    50 |    12 |       |       |       ||    62
 Fire: Longbow           |       |       |       |       |       |       |     2 |       |     7 ||     9
Evoke: Rod               |       |       |       |       |     2 |       |       |       |       ||     2
       Deck              |       |       |       |       |     1 |     1 |       |       |       ||     2
       Wand              |       |       |       |       |     1 |       |     1 |     1 |       ||     3
       Box of beasts     |       |       |       |       |       |       |     1 |       |       ||     1
  Use: Scroll            |       |     9 |    12 |    10 |    15 |     4 |     3 |    13 |    27 ||    93
       Potion            |       |       |     1 |     4 |     1 |     4 |     3 |     1 |     2 ||    16
 Stab: Sleeping          |     1 |     2 |     9 |    14 |    38 |    14 |     5 |       |     1 ||    84
       Petrifying        |       |     1 |     7 |     2 |     3 |       |     2 |     2 |     2 ||    19
       Paralysed         |       |     5 |     1 |     7 |     5 |       |     2 |     4 |       ||    24
       Confused          |       |       |     4 |     6 |    12 |    21 |     8 |    35 |    10 ||    96
       Petrified         |       |       |     1 |     1 |     3 |       |       |       |       ||     5
       Invisible         |       |       |       |     9 |       |     8 |    17 |     3 |       ||    37
       Distracted        |       |       |       |     3 |    15 |     4 |     5 |     6 |       ||    33
  Eat: Chunk             |     1 |     8 |     8 |     8 |    32 |    19 |    29 |    25 |     4 ||   134
       Meat ration       |       |       |     2 |     1 |       |     3 |       |     2 |     5 ||    13
       Beef jerky        |       |       |       |     1 |       |       |       |       |       ||     1
       Bread ration      |       |       |       |       |     1 |       |       |       |       ||     1
       Pizza             |       |       |       |       |       |     1 |     2 |     1 |       ||     4
